 Dungeon Crawl Stone Soup version 0.31-a0-803-g95b03c3367 (webtiles) character file.

Game seed: 10079325757489480499

2310223 MackTheKnife the Archmage (level 26, 172/172 HPs)
             Began as a Deep Elf Wanderer on Sept 20, 2023.
             Was the Champion of the Shining One.
             Escaped with the Orb
             ... and 4 runes!
             The game lasted 02:52:20 (70160 turns).

MackTheKnife the Archmage (Deep Elf Wanderer)      Turns: 70160, Time: 02:52:20

Health: 172/172    AC: 20    Str:  7 (10) XL:     26   Next: 56%
Magic:  32/56      EV: 38    Int: 37      God:    the Shining One [******]
Gold:   7627       SH: 16    Dex: 28      Spells: 10/79 levels left

rFire   + + .        v - staff of Arbitration {rPois rN+ Int+4 Dex+3 Stlth+ Poison, !a@e2staff}
rCold   + . .        W - +3 buckler {AC+3}
rNeg    + + +        a - +5 steam dragon scales
rPois   +            z - +2 hat {Int+3}
rElec   +            L - scarf {rC+ rF+}
rCorr   +            t - +0 pair of gloves "Baab Roergh" {rCorr Dex+2}
SInv    .            M - +2 pair of boots of the Known World {Drain rN+ Int+6}
Will    ++++.        P - amulet of Moderation {Reflect rF+ SH+5, @e2}
Stlth   +            E - ring of Mapno {rElec rN+ Dex+6}
HPRegen 1.28/turn    Q - ring of the Hare {EV+10}
MPRegen 0.35/turn

%: reflection
@: enlightened, flying, glowing, studying Staves
A: dopey 1, strong-willed 1, regeneration 1
0: Orb of Zot
}: 4/15 runes: decaying, serpentine, slimy, silver
a: Renounce Religion, Divine Shield, Cleansing Flame, Summon Divine Warrior,
Brand Weapon With Holy Wrath


You escaped.
You worshipped the Shining One.
The Shining One was exalted by your worship.
You visited 12 branches of the dungeon, and saw 56 of its levels.
You also visited: Trove, Ice Cave and Volcano.

You collected 10435 gold pieces.
You spent 2808 gold pieces at shops.


Innate Abilities, Weirdness & Mutations

You are dopey. (Int -2)
You are strong-willed. (Will+)
Your natural rate of healing is unusually fast.


   Skills:
 + Level 19.1 Fighting
 - Level 3.7 Polearms
 - Level 6.0 Armour
 - Level 16.0 Dodging
 - Level 1.2 Stealth
 - Level 8.0 Shields
 O Level 27 Spellcasting
 - Level 22.0 Conjurations
 - Level 8.4 Hexes
 - Level 12.0 Summonings
 - Level 5.0 Translocations
 - Level 22.0 Fire Magic
 - Level 5.0 Ice Magic
 - Level 5.0 Air Magic
 - Level 5.0 Earth Magic
 - Level 12.0 Invocations
 - Level 16.0 Evocations


You had 10 spell levels left.
You knew the following spells:

 Your Spells              Type           Power      Damage    Failure   Level
a - Fire Storm            Conj/Fire      59%        8d15      7%          9
b - Stone Arrow           Conj/Erth      100%       3d13      0%          3
c - Blink                 Tloc           100%       N/A       1%          2
d - Iskenderun's Mystic   Conj/Tloc      99%        2d19      1%          4
e - Summon Forest         Summ/Tloc      42%        N/A       1%          5
f - Orb of Destruction    Conj           59%        9d14      1%          7
g - Summon Mana Viper     Hex/Summ       90%        N/A       1%          5
h - Freezing Cloud        Conj/Ice/Air   45%        6-21      1%          5
i - Brom's Barrelling Bo  Conj/Erth      99%        2d11      1%          4
j - Yara's Violent Unrav  Hex/Tmut       34%        3d14      2%          5
k - Plasma Beam           Fire/Air       49%        2x1d64    1%          6
l - Enfeeble              Hex            42%        N/A       14%         7
z - Spellforged Servitor  Conj/Summ      54%        N/A       1%          7

Your spell library contained the following spells:

 Spells                   Type           Power      Damage    Failure   Level
 Kiss of Death            Conj/Necr      100%       2d13      0%          1
 Summon Small Mammal      Summ           100%       N/A       0%          1
 Momentum Strike          Conj/Tloc      100%       3d10      0%          2
 Scorch                   Fire           100%       2d9       0%          2
 Static Discharge         Conj/Air       100%       2-7/arc   0%          2
 Call Canine Familiar     Summ           95%        N/A       0%          3
 Hailstorm                Conj/Ice       99%        3d19      0%          3
 Inner Flame              Hex/Fire       100%       N/A       0%          3
 Volatile Blastmotes      Fire/Tloc      100%       2d18      0%          3
 Flame Wave               Conj/Fire      100%       2d21      0%          4
 Fulminant Prism          Conj/Hex       52%        3d22      0%          4
 Apportation              Tloc           100%       N/A       1%          1
 Freeze                   Ice            100%       1d10      1%          1
 Necrotise                Necr           100%       1d9       1%          1
 Sandblast                Erth           100%       2d20      1%          1
 Slow                     Hex            100%       N/A       1%          1
 Cigotuvi's Dreadful Rot  Necr/Pois/Air  100%       N/A       1%          2
 Ensorcelled Hibernation  Hex/Ice        100%       N/A       1%          2
 Lesser Beckoning         Tloc           100%       N/A       1%          2
 Passwall                 Tmut/Erth      51%        N/A       1%          2
 Poisonous Vapours        Pois/Air       100%       N/A       1%          2
 Sublimation of Blood     Necr           49%        N/A       1%          2
 Wereblood                Tmut           49%        N/A       1%          2
 Confusing Touch          Hex            85%        N/A       1%          3
 Frozen Ramparts          Ice            100%       1d16      1%          3
 Gell's Gravitas          Tloc           72%        N/A       1%          3
 Ignite Poison            Fire/Tmut/Pois 100%       N/A       1%          3
 Mephitic Cloud           Conj/Pois/Air  100%       N/A       1%          3
 Sigil of Binding         Hex            85%        N/A       1%          3
 Summon Guardian Golem    Hex/Summ       90%        N/A       1%          3
 Swiftness                Air            72%        N/A       1%          3
 Tukima's Dance           Hex            85%        N/A       1%          3
 Vampiric Draining        Necr           49%        2d9       1%          3
 Airstrike                Air            36%        2d(6-22)  1%          4
 Animate Armour           Summ/Erth      100%       N/A       1%          4
 Dimensional Bullseye     Hex/Tloc       39%        N/A       1%          4
 Leda's Liquefaction      Hex/Erth       39%        N/A       1%          4
 Manifold Assault         Tloc           72%        N/A       1%          4
 Passage of Golubria      Tloc           72%        N/A       1%          4
 Petrify                  Tmut/Erth      62%        N/A       1%          4
 Summon Ice Beast         Ice/Summ       85%        N/A       1%          4
 Summon Lightning Spire   Summ/Air       85%        N/A       1%          4
 Vhi's Electric Charge    Tloc/Air       100%       N/A       1%          4
 Arcjolt                  Conj/Air       49%        1d59      1%          5
 Irradiate                Conj/Tmut      46%        3d27      1%          5
 Lee's Rapid Deconstruct  Erth           36%        3d18*     1%          5
 Metabolic Englaciation   Hex/Ice        39%        N/A       1%          5
 Conjure Ball Lightning   Conj/Air       49%        3x3d17    1%          6
 Leda's Unmaking          Conj/Erth      49%        9d8       1%          6
 Summon Cactus Giant      Summ           47%        N/A       1%          6
 Summon Hydra             Summ           47%        N/A       3%          7
 Animate Dead             Necr           49%        N/A       5%          4
 Dispel Undead            Necr           49%        3d18      5%          4
 Borgnjor's Vile Clutch   Necr/Erth      31%        N/A       5%          5
 Malign Gateway           Summ/Tloc      42%        N/A       14%         7
 Agony                    Necr           49%        N/A       16%         5
 Death Channel            Necr           24%        N/A       63%         6
 Eringya's Noxious Bog    Tmut/Pois      33%        4d6       63%         6
 Discord                  Hex            42%        N/A       75%         8
 Chain Lightning          Conj/Air       49%        3d66      91%         9
 Disjunction              Tloc           36%        N/A       99%         8
 Death's Door             Necr           24%        N/A       100%        9
 Shatter                  Erth           36%        3d29*     100%        9

Inventory:

Armour
 a - +5 steam dragon scales (worn)
   (You found it on level 6 of the Dungeon)
 t - the +0 pair of gloves "Baab Roergh" (worn) {rCorr Dex+2}
   (You found it on level 5 of the Vaults)

   Dex+2:     It affects your dexterity (+2).
   rCorr:     It protects you from acid and corrosion.
 x - the +2 pair of gloves of Winter {rPois Str+3 SInv}
   (You acquired it on level 5 of the Pits of Slime)

   Str+3:     It affects your strength (+3).
   rPois:     It protects you from poison SInv: It lets you see invisible.
 z - a +2 hat of intelligence (worn)
   (You took it off Gastronok on level 12 of the Dungeon)
 L - a scarf of resistance (worn)
   (You found it on level 2 of the Lair of Beasts)
 M - the +2 pair of boots of the Known World (worn) {Drain rN+ Int+6}
   (You bought it in a shop on level 2 of the Orcish Mines)

   Int+6:     It affects your intelligence (+6).
   rN+:       It protects you from negative energy.
   Drain:     It drains your maximum health when unequipped.
 R - the +2 pair of gloves of the Charming Gods {Str+3 Dex+3 Stlth+}
   (You found it on level 5 of the Pits of Slime)

   Str+3:     It affects your strength (+3).
   Dex+3:     It affects your dexterity (+3).
   Stlth+:    It makes you more stealthy.
 W - a +3 buckler of protection (worn)
   (You took it off a tengu reaver on level 3 of the Vaults)
 Y - the +2 shield of Resistance {rF++ rC++ Will++}
   (You found it on level 3 of the Elven Halls)

   rF++:      It greatly protects you from fire.
   rC++:      It greatly protects you from cold.
   Will++:    It greatly increases your willpower.
Magical Staves
 v - the staff of Arbitration (weapon) {rPois rN+ Int+4 Dex+3 Stlth+ Poison, !a@e2staff}
   (You acquired it on level 2 of the Lair of Beasts)

   [staff of poison]

   Base accuracy: +5 Base damage: 5 Base attack delay: 1.2 This weapon's minimum
   attack delay (0.6) is reached at skill level 12.
   Int+4:     It affects your intelligence (+4).
   Dex+3:     It affects your dexterity (+3).
   rPois:     It protects you from poison rN+: It protects you from negative
   energy.
   Stlth+:    It makes you more stealthy.
   Poison:    It increases the power of your Poison spells.
   It falls into the 'Staves' category.
   It is a one-handed weapon.
Jewellery
 b - the ring of Departure {rElec rC+ rCorr}
   (You acquired it on level 5 of the Pits of Slime)

   [ring of resist corrosion]

   rC+:       It protects you from cold.
   rElec:     It insulates you from electricity.
   rCorr:     It protects you from acid and corrosion.
 C - a ring of flight
   (You found it on level 7 of the Dungeon)
 E - the ring of Mapno (left hand) {rElec rN+ Dex+6}
   (You found it in a treasure trove)

   [ring of dexterity]

   Dex+6:     It affects your dexterity (+6).
   rElec:     It insulates you from electricity.
   rN+:       It protects you from negative energy.
 P - the amulet of Moderation (around neck) {Reflect rF+ SH+5, @e2}
   (You found it in a treasure trove)

   [amulet of reflection]

   Reflect:   It reflects blocked missile attacks.
   rF+:       It protects you from fire.
   SH+5:      It affects your SH (+5).
 Q - the ring of the Hare (right hand) {EV+10}
   (You found it in a treasure trove)

   [ring of evasion]

   EV+10:     It affects your evasion (+10).
Wands
 g - a wand of digging (9)
   (You found it on level 4 of the Lair of Beasts)
 r - a wand of flame (101)
   (You found it on level 3 of the Dungeon)
 w - a wand of quicksilver (23)
   (You found it on level 4 of the Dungeon)
 G - a wand of charming (30)
   (You found it in a volcano)
 H - a wand of mindburst (31)
   (You found it on level 12 of the Dungeon)
 I - a wand of roots (61)
   (You took it off Maurice on level 10 of the Dungeon)
 V - a wand of polymorph (21)
   (You found it on level 2 of the Vaults)
Scrolls
 k - 5 scrolls of immolation {!r!r}
 l - 12 scrolls of vulnerability {!r!r}
 o - 3 scrolls of amnesia
 p - 6 scrolls of blinking {!r}
 y - 17 scrolls of teleportation {@r4}
 A - 6 scrolls of identify {@r1}
 B - 6 scrolls of poison
 J - 2 scrolls of silence {!r}
 T - 5 scrolls of fog
Potions
 c - 10 potions of haste {@q3}
 d - 11 potions of mutation {!q}
 f - 15 potions of curing {@q1}
 h - 10 potions of brilliance
 i - 7 potions of ambrosia
 m - 8 potions of enlightenment
 q - 5 potions of cancellation
 s - 18 potions of heal wounds {@q2}
 F - 5 potions of magic
 N - 3 potions of might
 S - 3 potions of lignification {!q}
 U - 3 potions of resistance
Miscellaneous
 n - a phantom mirror
   (You found it on level 2 of the Depths)
 u - a lightning rod (4/4)
   (You found it on level 3 of the Crypt)
 D - a tin of tremorstones (2/2) {throwing}
   (You found it on level 11 of the Dungeon)
 Z - a sack of spiders (inert)
   (You found it on level 2 of the Depths)

Dungeon Overview and Level Annotations

Branches:
Dungeon (15/15)            Temple (1/1) D:7            Lair (5/5) D:10
  Swamp (4/4) Lair:3        Snake (4/4) Lair:3        Slime (5/5) Lair:5
    Orc (2/2) D:12            Elf (3/3) Orc:2        Vaults (5/5) D:14
  Crypt (3/3) Vaults:3       Tomb (0/3) Crypt:3      Depths (4/4) D:15
    Zot (5/5) Depths:4      IceCv (visited)         Volcano (visited)

Altars:
Ashenzari
Cheibriados
Dithmenos
Elyvilon
Fedhas
Gozag
Hepliaklqana
Kikubaaqudgha
Makhleb
Nemelex Xobeh
Okawaru
Qazlal
Ru
Sif Muna
Trog
Uskayaw
Vehumet
Wu Jian
Xom
Yredelemnul
Zin
The Shining One
Jiyva

Shops:
D:6 =   D:9 *   D:10 (   Orc:2 *[=(   Elf:2 [:*   Snake:3 !:   Vaults:2 ((
Depths:1 *::=   Depths:2 **?[

Portals:
Hell: Depths:1 Depths:2 Depths:3 Depths:4
Abyss: Depths:3 Depths:4
Pandemonium: Depths:2

Annotations:
D:5 2 transporters, Domino's ghost, novice MiBe
Lair:2 exclusion: oklob plant
Lair:4 exclusion: downstairs
Elf:2 3 runed translucent doors
Zot:5 exclusions: upstairs and 1 more exclusion

#..#### ##.#.# #.##
#.....#####....###..##
#....................#####
#..#####..≈≈≈≈≈≈≈≈≈≈.#...###
#..# #..≈........≈.......#
#..# #..≈.....≈≈.≈.≈≈.##.#
##.# #..≈v....≈.>≈..≈.##.# #
#.#####..§..≈A.≈.≈≈..≈.##.# #
#.......)v..≈@A≈.....≈.##.####
####.###.≈≈.v.≈≈.....≈......##
#.###..°.≈........≈........
#........≈≈≈≈≈≈≈≈≈≈.##.#.##
#######.............##.#.#
#####.##########.#)## #.#
#.#.#. #.##########.#...
#............###.


You could see 2 friendly angels and 3 friendly fire vortices.


Message History

A golden eye comes into view. 😎 MP[+1]
The golden eye moves out of view. 😎 MP[+1] 😎 MP[+1] 😎 MP[+1] 😎 MP[+1]
There is a stone staircase leading up here. 😎 MP[+1]
You climb upwards.
There is a stone staircase leading down here.
What level of the Dungeon? (default 1, ? - help)
There is a stone staircase leading up here.
You climb upwards.
There is a stone staircase leading down here.
Things that are here:
a +0 robe; a +0 dagger {short} A chaos spawn comes into view. 😎 MP[+1]
Your mp is fully restored (56).
There is a stone staircase leading up here.
Casting: Stone Arrow (safe; 0% risk of failure)
Confirm with . or Enter, or press ? or * to list all spells.
Aiming: Orb of Destruction (mildly dangerous; 1% risk of failure)
Press: ? - help, Shift-Dir - straight line, f - chaos spawn
Aim: a chaos spawn (haloed)
The wavering orb of destruction weakly hits the chaos spawn!!
The chaos spawn completely misses you. 😎 MP[-7]
You lost 7 mp, and now have 49/56 mp.
Casting: Orb of Destruction (mildly dangerous; 1% risk of failure)
Confirm with . or Enter, or press ? or * to list all spells.
Aiming: Orb of Destruction (mildly dangerous; 1% risk of failure)
Press: ? - help, Shift-Dir - straight line, f/p - chaos spawn
Aim: a chaos spawn (severely wounded, haloed)
The wavering orb of destruction weakly hits the chaos spawn!
You blow up the chaos spawn!
The Shining One accepts your kill.
You feel your power returning.
The chaos spawn degenerates into a cloud of primal chaos! 😎 MP[-6]
You lost 6 mp, and now have 43/56 mp.
You climb upwards.
Level annotation: 2 transporters, Domino's ghost, novice MiBe
There is a stone staircase leading down here.
You see here a +0 helmet. 😎 MP[+1] 😎 MP[+1]
There is a stone staircase leading up here.
You start resting.
A Lobbeg and a small abomination come into view. 😎 MP[+9]
You regained 9 mp, and now have 54/56 mp.
You climb upwards.
There is a stone staircase leading down here.
Unknown command. 😎 MP[+1]
What level of the Dungeon? (default 1, ? - help)
You see here a +0 spear {polearm}.
You see here a +0 halberd {polearm}.
An angel comes into view.
It is wielding a +2 whip of holy wrath. 😎 MP[+1]
Your mp is fully restored (56).
There is an escape hatch in the ceiling here.
A mysterious force pulls you upwards. The hatch slams shut behind you.
What level of the Dungeon? (default 1, ? - help)
Things that are here:
a +0 robe; a +0 war axe {axe}
There is a stone staircase leading up here.
You climb upwards.
There is a stone staircase leading down here.
There is a stone staircase leading up here.
You climb upwards.
There is a stone staircase leading down here.
A reaper comes into view. It is wielding a +1 scythe of venom.
You feel very buoyant.
You fly up into the air.
There is a staircase leading out of the dungeon here.
Casting: Orb of Destruction (mildly dangerous; 1% risk of failure)
Confirm with . or Enter, or press ? or * to list all spells.
Aiming: Fire Storm (dangerous; 7% risk of failure)
Press: ? - help, Dir - move target, f - reaper
Aim: a reaper, wielding a +1 scythe of venom (haloed)
A raging storm of fire appears!
The great blast of fire engulfs the reaper!!!!
You hear a shout!
The reaper is engulfed in blazing flames.
You kill the reaper!
The Shining One accepts your kill. 😎 MP[-9]
You lost 9 mp, and now have 47/56 mp.
You are momentarily dazzled by a brilliant light. 😎 MP[-8]
You lost 8 mp, and now have 39/56 mp.
Unknown command.
You are momentarily dazzled by a brilliant light. 😎 MP[-7]
You lost 7 mp, and now have 32/56 mp.
Unknown command.
You have escaped!

Skill      XL: |  1  2  3  4  5  6  7  8  9 10 11 12 13 14 15 16 17 18 19 20 21 22 23 24 25 26 |
---------------+-------------------------------------------------------------------------------+-----
Spellcasting   | 2 3 5 6 8 11 14 16 18 20 21 22 25 27 | 27.0
Earth Magic    | 2 3 4 5 |  5.0
Conjurations   | 1 2 3 5 7 10 12 14 16 17 19 20 22 | 22.0
Translocations | 2 4 5 |  5.0
Summonings     | 1 6 10 12 | 12.0
Fighting       | 5 6 8 10 11 12 13 14 16 19 | 19.1
Dodging        | 7 9 12 13 14 15 16 | 16.0
Hexes          | 8 |  8.4
Armour         | 5 6 |  6.0
Shields        | 3 6 7 8 |  8.0
Air Magic      | 5 |  5.0
Ice Magic      | 5 |  5.0
Invocations    | 1 6 12 | 12.0
Evocations     | 1 6 15 16 | 16.0
Fire Magic     | 7 12 17 20 22 | 22.0
Polearms       | |  3.7
Stealth        | |  1.2

Action                     |  1- 3 |  4- 6 |  7- 9 | 10-12 | 13-15 | 16-18 | 19-21 | 22-24 | 25-27 || total
---------------------------+-------+-------+-------+-------+-------+-------+-------+-------+-------++-------
  Melee: Spear             |     2 |     4 |     1 |       |       |       |       |       |       ||     7
         Falchion          |       |       |     1 |     2 |       |       |       |       |       ||     3
         Whip              |       |       |       |    19 |       |       |       |       |       ||    19
         Staff             |       |       |       |     1 |    49 |       |     8 |    26 |    34 ||   118
   Cast: Sandblast         |    53 |    62 |    47 |    69 |     3 |       |       |       |       ||   234
         Stone Arrow       |       |    16 |    80 |   117 |   359 |   214 |   175 |   190 |     1 ||  1152
         Summon Forest     |       |       |     4 |    35 |    40 |    14 |     8 |     4 |       ||   105
         Summon Lightning  |       |       |       |    43 |    69 |    15 |     3 |       |       ||   130
         Summon Mana Viper |       |       |       |    23 |    69 |    21 |    14 |     3 |     4 ||   134
         Blink             |       |       |       |     1 |     1 |     1 |       |     1 |     2 ||     6
         Freezing Cloud    |       |       |       |       |    94 |    17 |    20 |    17 |       ||   148
         Spellforged Servi |       |       |       |       |     1 |   111 |   120 |   114 |    67 ||   413
         Airstrike         |       |       |       |       |       |     1 |       |       |       ||     1
         Brom's Barrelling |       |       |       |       |       |     2 |     2 |       |       ||     4
         Plasma Beam       |       |       |       |       |       |       |    27 |    37 |    19 ||    83
         Fire Storm        |       |       |       |       |       |       |       |   117 |   121 ||   238
         Orb of Destructio |       |       |       |       |       |       |       |       |    28 ||    28
 Invoke: Divine Shield     |       |       |       |       |       |       |     1 |     1 |       ||     2
         Summon Divine War |       |       |       |       |       |       |       |       |     3 ||     3
         Cleansing Flame   |       |       |       |       |       |       |       |       |     1 ||     1
  Evoke: Wand              |       |       |     4 |       |     9 |       |     1 |     9 |    10 ||    33
         Tin of tremorston |       |       |       |       |       |       |       |     2 |       ||     2
         Sack of spiders   |       |       |       |       |       |       |       |     3 |     2 ||     5
         Lightning rod     |       |       |       |       |       |       |       |     4 |       ||     4
         Phantom mirror    |       |       |       |       |       |       |       |       |     1 ||     1
    Use: Scroll            |       |       |    10 |    10 |    10 |     4 |     3 |    17 |    11 ||    65
         Potion            |       |       |       |       |     1 |     3 |       |     1 |     6 ||    11
 Armour: Robe              |    11 |    34 |    13 |       |       |       |       |       |       ||    58
         Leather armour    |       |       |    14 |       |       |       |       |       |       ||    14
         Steam dragon scal |       |       |    11 |    82 |   142 |   151 |   116 |    86 |   102 ||   690
  Dodge: Dodged            |    15 |    27 |    26 |    96 |   185 |   222 |   181 |   300 |   192 ||  1244
  Block: Buckler           |       |       |       |       |    74 |    80 |    71 |   203 |   118 ||   546
         Reflection        |       |       |       |       |       |       |    16 |    16 |     2 ||    34

Levels and vault maps discovered:
D:1:      ebering_trefoil_twist, layout_loops_ring, minmay_bisected
D:2:      layout_rooms, kennysheep_generic_room_3, uniq_robin
D:3:      layout_basic, nicolae_overflow_crystal_walls,
          dreamdust_ecumenical_altar_grove
D:4:      layout_basic, roderic_lattice_a
D:5:      layout_loops_cross, mainiacjoe_overflow_paths,
          gammafunk_ghost_abyssal_escape, bh_walls_and_bars
D:6:      kennysheep_steamy, layout_basic,
          mainiacjoe_overflow_concentric_impassable, mainiacjoe_overflow_swirl,
          lemuel_round_altar, xom_confusion_cloud, serial_shops, shop,
          uniq_prince_ribbit1, uniq_sigmund, uniq_jeremiah, uniq_duvessa
D:7:      layout_basic, temple_statues
D:8:      layout_basic, roderic_batcave
D:9:      statuecave_lemuel, layout_gridville, nicolae_shop_overcharged_wands
D:10:     layout_irregular_city, lemuel_round_altar, david_lair_shrubbed,
          serial_shops, nicolae_shop_just_a_little_nook, uniq_maurice
D:11:     fort_yaktaur, layout_cave_pools, uniq_fannar
D:12:     layout_loops_ring, orc_0_dummy, nicolae_figureground_pulse,
          uniq_gastronok
D:13:     layout_roguey, grunt_ministairs_7
D:14:     layout_long_grid, erik_vaults_1, portal_ice_cave_entry_ice_statue_one,
          grunt_decor_mini_mirrors, lightli_minifort
D:15:     grunt_enter_depths_giant_problem, layout_cave_pods, worms_lemuel
Temple:   nicolae_temple_great_sept
Lair:1:   layout_loops_ring, minmay_holes, patterned_corridor
Lair:2:   nzn_winding_woodlands_large [nzn_winding_woodlands_5x5_checkerboard,
          nzn_winding_woodlands_5x15_default,
          nzn_winding_woodlands_5x5_closed_star,
          nzn_winding_woodlands_center_diamonds,
          nzn_winding_woodlands_15x15_five_gardens,
          nzn_winding_woodlands_center_lodge, nzn_winding_woodlands_5x5_cross,
          nzn_winding_woodlands_5x15_concentric,
          nzn_winding_woodlands_5x5_open_star], layout_chaotic_city
Lair:3:   layout_loops_ring, nicolae_swamp_entry_splash_gauntlet,
          minmay_snake_entry_guardpost_small, infiniplex_staircase_pool,
          grunt_megastairs_3
Lair:4:   layout_roguey [special_room_bee]
Lair:5:   minmay_lair_end_enchanted_forest, layout_regular_city,
          dpeg_slime_entry_enclosed, basic_altar, dreamdust_gnoll_shepherd,
          grunt_megastairs_1
Swamp:1:  layout_basic_swamp, nicolae_swamp_orc_logging_accident,
          water_boxes_lemuel
Swamp:2:  layout_basic_swamp, hangedman_swamp_diagram, swamp_pool4
Swamp:3:  layout_basic_swamp, hangedman_swamp_ruin_hall
Swamp:4:  swamp_basic_johnstein, layout_basic_swamp, ldierk_geyser, swamp_pool1,
          ldierk_geyser, nzn_swamp_dancing_lights
Snake:1:  layout_misc_corridors, uniq_nikola, uniq_josephine, uniq_aizul
Snake:2:  nicolae_snake_shooting_gallery, layout_chambers,
          corexii_hall_statues_u, nicolae_snake_gridmaze_swirls,
          grunt_ministairs_12, lemuel_fruit_tree
Snake:3:  layout_chambers, drop_trap, minmay_shoptagon, serial_bayou_shore_b
Snake:4:  grunt_snake_rune_spirals, layout_onion, nicolae_snake_squiggles,
          uniq_vashnia
Slime:1:  layout_caves
Slime:2:  layout_caves
Slime:3:  layout_caves
Slime:4:  layout_caves
Slime:5:  slime_pit_nicolae_amoeboid
Orc:1:    layout_caves
Orc:2:    grunt_orc_gardens, layout_caves, grunt_orc_garden, grunt_orc_garden,
          grunt_orc_garden, grunt_orc_garden, nicolae_volcano_entry_lava_flow
Elf:1:    layout_gridlike, minmay_elf_demonology, uniq_azrael
Elf:2:    nicolae_elf_blades_splatter_lattice [nicolae_blade_bullseye],
          layout_geoelf_diagonals, serial_shops, nicolae_shop_tiny_glass,
          nicolae_shop_peninsula, shop, uniq_norris, uniq_saint_roka
Elf:3:    elf_hall, layout_geoelf_grid, drop_trap
Vaults:1: vaults_dpeg_ring, nicolae_vaults_doubleplus_tesselated,
          nicolae_vaults_network_star, st_cross,
          vaults_room_grunt_arrival_ludios, v_alt_pattern_6,
          ontoclasm_vaults_eye, nicolae_vaults_apartment_2,
          vaults_room_grunt_arrival_checkpoint, layout_vaults_omnigrid,
          uniq_asterion
Vaults:2: st_spiral_rooms, nicolae_vaults_spaceships, nicolae_vaults_mitosis,
          nicolae_vaults_cochlea, v_misc_8, vaults_room_ringed_pool,
          nicolae_vaults_closet_pinwheel_6,
          nicolae_vaults_taking_the_gang_shopping, nicolae_vaults_double_plus_1,
          nicolae_vaults_trapezoid_lopsided_1, layout_vaults_chaotic_city,
          serial_shops, shop_fountains
Vaults:3: nicolae_vaults_wine_cellar, nicolae_vaults_triangles,
          nicolae_vaults_apartment_2, nicolae_vaults_shipping_containers_5,
          ontoclasm_vaults_ring_small, minmay_crypt_entry_skeletal_spiral,
          nicolae_vaults_more_shelving_1, nicolae_vaults_puzzle_piece,
          nicolae_vaults_tetromino_T_2, nicolae_vaults_two_Ls,
          nicolae_vaults_apartment_1, vaults_room_fours, v_misc_2,
          layout_vaults_maze_snakey, uniq_margery
Vaults:4: nicolae_vaults_little_squares_2, hangedman_vaults_slither,
          hangedman_vaults_trim, vaults_room_boxed, v_misc_29,
          nicolae_vaults_rhombus_5, vaults_standard_mumra_x, v_misc_19,
          hangedman_vaults_pinch, ontoclasm_vaults_gallery,
          nicolae_vaults_octothorpe, nicolae_vaults_double_plus_1,
          layout_vaults_big_cross, nicolae_trove_entry_path_of_doom
Vaults:5: serial_shops
Crypt:1:  layout_gridlike, grunt_megastairs_2, uniq_khufu
Crypt:2:  layout_misc_corridors, basic_altar, special_room [special_room_morgue]
Crypt:3:  lightli_unholy_cathedral, layout_chaotic_city, minicrypt_bobbens,
          grunt_megastairs_5
Depths:1: layout_twisted_cross, minmay_misc_feat_x, hellmouth_3,
          nicolae_blasting_shop, minivault_10, minmay_misc_feat_more_columns,
          elyvilon_altar_3, minmay_shop_grove
Depths:2: vault_1, layout_basic, nicolae_titane, pf_coc_iceberg, serial_shops,
          nicolae_square_shop, shop, nicolae_shop_tiny_statue_garden,
          nicolae_shop_crystal, grunt_pan_entry_in_and_out,
          nicolae_kikubaaqudgha_miasma_corner, serial_bayou_shore_b,
          uniq_josephina
Depths:3: cheibrodos_hall_of_evolution, layout_gridlike, enter_ziggurat_a,
          abyss_entry, grunt_mini_vestibule, minmay_misc_feat_room
Depths:4: grunt_twist_and_shout, layout_long_grid, minmay_misc_feat_plants,
          hell_entry, abyss_entry, amcnicky_mini_pool_medium
Zot:1:    layout_onion, zot_minivault_5
Zot:2:    lemuel_draconian_sentries, layout_onion, grunt_ministairs_6,
          st_stairs_4, bh_zot_ikea_curve
Zot:3:    gammafunk_mikee_crab_dinner, layout_misc_corridors,
          ebering_ghost_gozag, nicolae_shop_clearance
Zot:4:    layout_concentric_octagons
Zot:5:    layout_misc_corridors

Notes
Turn   | Place    | Note
-------+----------+-------------------------------------------
     0 | D:1      | MackTheKnife the Deep Elf Wanderer began the quest for the
                  | Orb.
     0 | D:1      | MackTheKnife set off with the following items: a +2 spear
                  | {polearm}, a +0 cloak, a potion of haste {@q3}, a +0 robe;
                  | and the following spell memorised: Sandblast; and the
                  | following spells available to memorise: Stone Arrow.
     0 | D:1      | Reached XP level 1. HP: 10/10 MP: 5/5
     0 | D:1      | magus.rc [v1.9.6]
   157 | D:1      | Reached skill level 2 in Spellcasting
   322 | D:1      | Reached XP level 2. HP: 15/15 MP: 5/7
   423 | D:1      | Reached skill level 2 in Earth Magic
   979 | D:2      | Reached skill level 3 in Spellcasting
   979 | D:2      | Reached XP level 3. HP: 16/19 MP: 4/9
  1029 | D:2      | Learned a level 3 spell: Stone Arrow
  1040 | D:2      | You pick up a book of Weapons and begin reading...
  1040 | D:2      | You add the spells Tukima's Dance, Dimensional Bullseye and
                  | Iskenderun's Mystic Blast to your library.
  1066 | D:2      | Reached skill level 1 in Conjurations
  1288 | D:2      | Reached skill level 3 in Earth Magic
  1638 | D:2      | Reached XP level 4. HP: 24/24 MP: 7/10
  2006 | D:3      | You pick up a book of Storms and begin reading...
  2006 | D:3      | You add the spells Static Discharge, Airstrike and Summon
                  | Lightning Spire to your library.
  2058 | D:3      | You pick up a book of Scorching and begin reading...
  2058 | D:3      | You add the spells Scorch, Flame Wave and Summon Cactus
                  | Giant to your library.
  2074 | D:3      | Reached skill level 2 in Conjurations
  2132 | D:3      | Found a faded altar of an unknown god.
  2137 | D:3      | Prayed at the altar of an unknown god.
  2137 | D:3      | Became a worshipper of the Shining One
  2137 | D:3      | Reached * piety under the Shining One
  2189 | D:3      | Found a basalt altar of Yredelemnul.
  2306 | D:3      | You add the spells Summon Forest, Eringya's Noxious Bog and
                  | Summon Hydra to your library.
  3139 | D:4      | Reached XP level 5. HP: 19/28 MP: 1/11
  3286 | D:4      | Reached skill level 3 in Conjurations
  3286 | D:4      | Reached skill level 4 in Earth Magic
  3338 | D:4      | Noticed a phantom
  3345 | D:4      | Killed a phantom
  3474 | D:4      | Reached XP level 6. HP: 32/32 MP: 1/13
  3803 | D:4      | You pick up a book of Spatial Translocations and begin
                  | reading...
  3803 | D:4      | You add the spells Blink, Momentum Strike and Lesser
                  | Beckoning to your library.
  3870 | D:4      | Reached skill level 4 in Conjurations
  3983 | D:4      | Learned a level 2 spell: Blink
  4049 | D:5      | Entered Level 5 of the Dungeon
  4055 | D:5      | Learned a level 4 spell: Iskenderun's Mystic Blast
  4067 | D:5      | Reached skill level 4 in Spellcasting
  4154 | D:5      | Found a transporter.
  4175 | D:5      | Found a transporter.
  4224 | D:5      | Reached skill level 1 in Translocations
  4372 | D:5      | Found an ancient bone altar of Kikubaaqudgha.
  4498 | D:5      | Noticed a steam dragon
  4506 | D:5      | Killed a steam dragon
  4507 | D:5      | Reached skill level 5 in Spellcasting
  4507 | D:5      | Reached skill level 5 in Conjurations
  4507 | D:5      | Reached skill level 2 in Translocations
  4507 | D:5      | Reached XP level 7. HP: 19/36 MP: 5/16
  4625 | D:5      | Reached skill level 3 in Translocations
  5037 | D:5      | Noticed Domino's ghost (novice MiBe)
  5133 | D:6      | Noticed Duvessa
  5133 | D:6      | Noticed Dowan
  5166 | D:6      | Reached ** piety under the Shining One
  5446 | D:6      | Reached skill level 6 in Spellcasting
  5700 | D:6      | Reached skill level 4 in Translocations
  5700 | D:6      | Reached XP level 8. HP: 41/41 MP: 12/19
  5706 | D:6      | Reached skill level 6 in Conjurations
  5920 | D:6      | Reached skill level 7 in Spellcasting
  5940 | D:6      | Killed Duvessa
  5950 | D:6      | Killed Dowan
  5951 | D:6      | Reached skill level 5 in Translocations
  6019 | D:6      | Found a burning altar of Makhleb.
  6024 | D:6      | Noticed Sigmund
  6271 | D:6      | Found an ornate altar of the Wu Jian Council.
  6365 | D:6      | Reached skill level 8 in Spellcasting
  6365 | D:6      | Reached skill level 7 in Conjurations
  6400 | D:6      | Noticed Prince Ribbit
  6402 | D:6      | Killed Prince Ribbit
  6409 | D:6      | Learned a level 5 spell: Summon Forest
  6451 | D:6      | Reached skill level 1 in Summonings
  6592 | D:6      | Reached XP level 9. HP: 45/45 MP: 18/23
  6638 | D:6      | Reached skill level 9 in Spellcasting
  6638 | D:6      | Reached skill level 2 in Summonings
  6736 | D:6      | Reached skill level 3 in Summonings
  6743 | D:6      | Killed Sigmund
  6904 | D:6      | Found a shimmering altar of Xom.
  6946 | D:6      | Reached skill level 10 in Spellcasting
  6946 | D:6      | Reached skill level 4 in Summonings
  7111 | D:6      | Noticed Jeremiah
  7192 | D:6      | Found Noaceicw's Jewellery Boutique.
  7326 | D:6      | Killed Jeremiah
  7327 | D:6      | Reached skill level 5 in Summonings
  7504 | D:6      | Found a white marble altar of Elyvilon.
  7513 | D:6      | Found a shadowy altar of Dithmenos.
  7810 | D:6      | Bought an amulet of magic regeneration for 390 gold pieces
  7908 | D:7      | Reached skill level 11 in Spellcasting
  7964 | D:7      | You add the spells Cigotuvi's Dreadful Rot, Ignite Poison
                  | and Freezing Cloud to your library.
  7970 | D:7      | Reached skill level 6 in Summonings
  8003 | D:7      | You pick up a book of Decay {forbidden} and begin
                  | reading...
  8003 | D:7      | You add the spells Dispel Undead and Death Channel to your
                  | library.
  8244 | D:7      | Reached *** piety under the Shining One
  8411 | D:7      | Reached XP level 10. HP: 50/50 MP: 21/27
  8683 | D:7      | Found a staircase to the Ecumenical Temple.
  8688 | Temple   | Entered the Ecumenical Temple
  9048 | D:8      | Reached skill level 1 in Fighting
  9048 | D:8      | Reached skill level 2 in Dodging
  9059 | D:8      | Reached skill level 3 in Dodging
  9100 | D:8      | Reached skill level 2 in Fighting
  9301 | D:8      | Reached skill level 4 in Dodging
  9718 | D:9      | Reached skill level 3 in Fighting
  9723 | D:9      | Learned a level 4 spell: Summon Lightning Spire
  9852 | D:9      | Reached skill level 5 in Dodging
  9930 | D:9      | You pick up a book of Dangerous Friends and begin
                  | reading...
  9930 | D:9      | You add the spells Summon Guardian Golem, Orb of
                  | Destruction and Spellforged Servitor to your library.
 10026 | D:9      | Found Rotywoas's Overcharged Wands.
 10316 | D:9      | Reached skill level 6 in Dodging
 10546 | D:10     | Entered Level 10 of the Dungeon
 10556 | D:9      | Reached skill level 4 in Fighting
 10748 | D:10     | Found Mocicav's Weapon Emporium.
 10785 | D:10     | Found a sacrificial altar of Ru.
 10813 | D:10     | Reached **** piety under the Shining One
 10856 | D:10     | Reached skill level 7 in Dodging
 10871 | D:10     | Reached skill level 5 in Fighting
 10872 | D:10     | Reached XP level 11. HP: 62/63 MP: 22/28
 11011 | D:10     | Found a staircase to the Lair.
 11022 | D:10     | Noticed Maurice
 11030 | D:10     | Killed Maurice
 11039 | D:10     | Reached skill level 8 in Dodging
 11485 | D:10     | You pick up a book of the Wilderness and begin reading...
 11512 | D:10     | Learned a level 5 spell: Summon Mana Viper
 11588 | Lair:1   | Entered Level 1 of the Lair of Beasts
 11617 | Lair:1   | Reached skill level 2 in Hexes
 11669 | Lair:1   | Reached skill level 3 in Hexes
 11712 | Lair:1   | Reached skill level 4 in Hexes
 11722 | Lair:1   | Reached skill level 5 in Hexes
 11787 | Lair:1   | Reached skill level 6 in Hexes
 11936 | Lair:1   | Reached skill level 7 in Hexes
 11999 | Lair:1   | Reached skill level 8 in Hexes
 12294 | Lair:1   | Reached skill level 6 in Fighting
 12595 | Lair:2   | Reached skill level 9 in Dodging
 12601 | Lair:2   | Noticed a four-headed hydra
 12606 | Lair:2   | Killed a four-headed hydra
 12609 | Lair:2   | Noticed a six-headed hydra
 12864 | Lair:2   | Reached XP level 12. HP: 71/71 MP: 19/29
 12882 | Lair:2   | Reached skill level 10 in Dodging
 12943 | Lair:2   | Reached skill level 7 in Fighting
 12983 | Lair:2   | Killed a six-headed hydra
 13190 | Lair:2   | Reached skill level 11 in Dodging
 13378 | Lair:2   | Noticed a four-headed hydra
 13387 | Lair:2   | Killed a four-headed hydra
 13388 | Lair:2   | Reached skill level 8 in Fighting
 13581 | Lair:2   | Identified a scroll of acquirement
 13581 | Lair:2   | Acquired the staff of Arbitration {rPois rN+ Int+4 Dex+3
                  | Stlth+ Poison}
 13660 | Lair:2   | Reached ***** piety under the Shining One
 13667 | Lair:2   | Reached skill level 12 in Dodging
 13731 | Lair:2   | Reached skill level 2 in Armour
 13914 | Lair:2   | Reached skill level 3 in Armour
 13938 | Lair:2   | Noticed a four-headed hydra
 13947 | Lair:2   | Killed a four-headed hydra
 13948 | Lair:2   | Reached skill level 4 in Armour
 14108 | Lair:2   | Reached skill level 5 in Armour
 14108 | Lair:2   | Reached skill level 1 in Shields
 14113 | Lair:2   | Reached skill level 2 in Shields
 14579 | Lair:3   | Reached skill level 3 in Shields
 14589 | Lair:3   | Reached XP level 13. HP: 61/78 MP: 10/30
 14735 | Lair:3   | Reached skill level 4 in Shields
 14839 | Lair:3   | Found a staircase to the Swamp.
 14976 | Lair:3   | You pick up a book of Burglary and begin reading...
 14976 | Lair:3   | You add the spells Passwall, Ensorcelled Hibernation and
                  | Swiftness to your library.
 15167 | Lair:3   | Found a staircase to the Snake Pit.
 15179 | Lair:3   | Reached skill level 5 in Shields
 15323 | Lair:3   | You pick up a book of Debilitation and begin reading...
 15323 | Lair:3   | You add the spells Slow, Sigil of Binding, Vampiric
                  | Draining and Confusing Touch to your library.
 15397 | Lair:3   | Reached skill level 6 in Shields
 15399 | Lair:3   | Reached skill level 1 in Air Magic
 15402 | Lair:3   | Reached skill level 12 in Spellcasting
 15408 | Lair:3   | Learned a level 5 spell: Freezing Cloud
 15957 | Lair:4   | Reached skill level 1 in Ice Magic
 15962 | Lair:4   | Reached skill level 2 in Air Magic
 16014 | Lair:4   | You fall into a shaft and drop 1 floor!
 16014 | Lair:5   | Entered Level 5 of the Lair of Beasts
 16101 | Lair:4   | Reached skill level 2 in Ice Magic
 16167 | Lair:4   | Reached skill level 3 in Air Magic
 16307 | Lair:4   | Reached skill level 3 in Ice Magic
 16992 | Lair:5   | Reached skill level 13 in Spellcasting
 16992 | Lair:5   | Reached skill level 4 in Ice Magic
 16992 | Lair:5   | Reached skill level 4 in Air Magic
 17077 | Lair:5   | You pick up a book of Necromancy {forbidden} and begin
                  | reading...
 17077 | Lair:5   | You add the spells Necrotise and Agony to your library.
 17121 | Lair:5   | Reached skill level 5 in Ice Magic
 17211 | Lair:5   | Reached skill level 5 in Air Magic
 17353 | Lair:5   | Reached skill level 14 in Spellcasting
 17399 | Lair:5   | Found a viscous altar of Jiyva.
 17399 | Lair:5   | Found a staircase to the Slime Pits.
 17494 | Lair:5   | Found a burning altar of Makhleb.
 17503 | Lair:5   | Reached skill level 1 in Invocations
 17503 | Lair:5   | Reached skill level 1 in Evocations
 17512 | Lair:5   | Reached XP level 14. HP: 84/84 MP: 19/34
 17524 | Lair:5   | Reached skill level 2 in Invocations
 17524 | Lair:5   | Reached skill level 2 in Evocations
 17746 | Lair:5   | Reached skill level 3 in Invocations
 17746 | Lair:5   | Reached skill level 3 in Evocations
 17980 | Lair:5   | Reached skill level 4 in Invocations
 17980 | Lair:5   | Reached skill level 4 in Evocations
 18089 | Lair:5   | Reached skill level 5 in Invocations
 18089 | Lair:5   | Reached skill level 5 in Evocations
 18274 | Lair:5   | You pick up a book of Blasting and begin reading...
 18274 | Lair:5   | You add the spells Volatile Blastmotes and Fulminant Prism
                  | to your library.
 18885 | D:11     | Reached ****** piety under the Shining One
 19016 | D:11     | Noticed Fannar
 19017 | D:11     | Reached skill level 6 in Invocations
 19017 | D:11     | Reached skill level 6 in Evocations
 19024 | D:11     | Killed Fannar
 19825 | D:11     | Was placed under penance by the Shining One
 19827 | D:11     | Reached skill level 9 in Fighting
 19832 | D:11     | HP: 21/86 [minotaur (4)]
 20629 | D:12     | Identified the +3 great sword of Yfuex {flame, *Noise
                  | Fragile rPois Dex+9}
 20869 | D:12     | Found a staircase to the Orcish Mines.
 20879 | D:12     | Reached skill level 10 in Fighting
 20937 | D:12     | Noticed Gastronok
 20945 | D:12     | Killed Gastronok
 21279 | Orc:1    | Entered Level 1 of the Orcish Mines
 21290 | Orc:1    | Was forgiven by the Shining One
 21333 | Orc:1    | Noticed an orc warlord
 21344 | Orc:1    | Killed an orc warlord
 21557 | Orc:1    | Reached skill level 13 in Dodging
 21908 | Orc:2    | Entered Level 2 of the Orcish Mines
 22068 | Orc:2    | Reached XP level 15. HP: 92/92 MP: 20/35
 22076 | Orc:2    | Found Waywowki's Antique Armour Shop.
 22084 | Orc:2    | Bought a pair of translucent boots for 285 gold pieces
 22084 | Orc:2    | Identified the +2 pair of boots of the Known World {Drain
                  | rN+ Int+6} (You bought it in a shop on level 2 of the
                  | Orcish Mines)
 22237 | Orc:2    | Found a dark tunnel.
 22246 | Volcano  | Entered a volcano
 22294 | Volcano  | Reached skill level 14 in Dodging
 22435 | Volcano  | Reached skill level 7 in Summonings
 22566 | Orc:2    | Found Mifehin's Antique Weapon Shoppe.
 22573 | Orc:2    | Reached skill level 8 in Conjurations
 22726 | Orc:2    | Found a staircase to the Elven Halls.
 22806 | Orc:2    | Found Bail's Jewellery Boutique.
 22977 | Orc:2    | Found Zodesy's General Store.
 22986 | Orc:2    | Bought a scroll of identify for 34 gold pieces
 22986 | Orc:2    | Bought a scroll of identify for 34 gold pieces
 23221 | Orc:2    | Learned a level 7 spell: Spellforged Servitor
 23420 | D:13     | You pick up a book of the Hunter and begin reading...
 23420 | D:13     | You add the spells Call Canine Familiar and Leda's
                  | Liquefaction to your library.
 23720 | D:13     | Reached skill level 8 in Summonings
 23923 | D:13     | Reached skill level 9 in Conjurations
 24170 | D:14     | You pick up a book of Blood and begin reading...
 24170 | D:14     | You add the spells Sublimation of Blood and Wereblood to
                  | your library.
 24216 | D:14     | Found a gate to the Vaults.
 24398 | D:14     | You pick up a book of Blasting and begin reading...
 24498 | D:14     | Reached skill level 9 in Summonings
 24520 | D:14     | Found a frozen archway.
 24567 | IceCv    | Entered an ice cave
 24677 | IceCv    | Reached skill level 10 in Conjurations
 24853 | IceCv    | Reached skill level 10 in Summonings
 24929 | IceCv    | Identified a +2 crystal plate armour of cold resistance
 24930 | IceCv    | O - a +2 crystal plate armour of cold resistance {rare=g}
 25129 | IceCv    | Noticed a golden dragon
 25181 | IceCv    | Killed a golden dragon
 25181 | IceCv    | Identified +0 gold dragon scales
 25308 | IceCv    | Identified the ring of Agif {Dex+4 Slay+4}
 26309 | D:15     | Entered Level 15 of the Dungeon
 26774 | D:15     | Reached XP level 16. HP: 93/97 MP: 13/36
 26858 | D:15     | Learned a level 4 spell: Airstrike
 26862 | D:15     | Found a staircase to the Depths.
 26871 | D:15     | Reached skill level 11 in Conjurations
 26874 | D:15     | Reached skill level 15 in Spellcasting
 26874 | D:15     | Reached skill level 11 in Summonings
 27290 | D:15     | Identified the ring "Liegiru" {rElec rF+ Int+2 Dex-4}
 27350 | D:15     | You pick up a book of Sloth and begin reading...
 27350 | D:15     | You add the spells Frozen Ramparts, Petrify and Metabolic
                  | Englaciation to your library.
 27863 | D:15     | You pick up a book of Annihilations and begin reading...
 27863 | D:15     | You add the spells Chain Lightning, Fire Storm and Shatter
                  | to your library.
 28450 | Snake:1  | Entered Level 1 of the Snake Pit
 28457 | Snake:1  | You pick up a book of Lightning and begin reading...
 28457 | Snake:1  | You add the spells Vhi's Electric Charge, Arcjolt and
                  | Plasma Beam to your library.
 28467 | Snake:1  | Learned a level 6 spell: Plasma Beam
 28468 | Snake:1  | magus.rc [v1.9.6]
 28536 | Snake:1  | Noticed Josephine
 28541 | Snake:1  | Killed Josephine
 28542 | Snake:1  | Reached skill level 16 in Spellcasting
 28542 | Snake:1  | Reached skill level 12 in Conjurations
 28608 | Snake:1  | Reached skill level 5 in Earth Magic
 28624 | Snake:1  | You fall into a shaft and drop 1 floor!
 28654 | Snake:2  | Reached skill level 12 in Summonings
 29109 | Snake:1  | Noticed Nikola
 29120 | Snake:1  | Killed Nikola
 29281 | Snake:1  | Noticed Aizul
 29286 | Snake:1  | Killed Aizul
 29289 | Snake:1  | Reached skill level 15 in Dodging
 29544 | Snake:1  | Gained mutation: You are weak. (Str -2) [potion of
                  | mutation]
 29544 | Snake:1  | Gained mutation: Your system is resistant to poisons.
                  | (rPois) [potion of mutation]
 29545 | Snake:1  | Lost mutation: You are weak. (Str -2) [potion of mutation]
 29545 | Snake:1  | Lost mutation: Your system is resistant to poisons. (rPois)
                  | [potion of mutation]
 29545 | Snake:1  | Gained mutation: You expend magic power (3 MP) to
                  | strengthen your wands. [potion of mutation]
 29545 | Snake:1  | Gained mutation: You are clumsy. (Dex -2) [potion of
                  | mutation]
 29546 | Snake:1  | Lost mutation: You expend magic power (3 MP) to strengthen
                  | your wands. [potion of mutation]
 29546 | Snake:1  | Lost mutation: You are clumsy. (Dex -2) [potion of
                  | mutation]
 29546 | Snake:1  | Gained mutation: You are agile. (Dex +4, Str/Int -1)
                  | [potion of mutation]
 29546 | Snake:1  | Gained mutation: Your natural rate of healing is unusually
                  | fast. [potion of mutation]
 29546 | Snake:1  | Gained mutation: You are strong-willed. (Will+) [potion of
                  | mutation]
 29932 | Snake:2  | Reached skill level 11 in Fighting
 30214 | Snake:2  | Reached XP level 17. HP: 69/104 MP: 30/39
 30865 | Snake:2  | You drop a +2 crystal plate armour of cold resistance
                  | {rare=g}.
 30943 | Snake:3  | You pick up a book of Changes and begin reading...
 30975 | Snake:3  | Found Rucsaij's Book Shop.
 30982 | Snake:3  | Found Houwnah's Distillery.
 30988 | Snake:3  | Bought a potion of curing for 54 gold pieces
 31032 | Snake:3  | Bought a book of Geomancy for 532 gold pieces
 31032 | Snake:3  | You pick up a book of Geomancy and begin reading...
 31037 | Snake:3  | Learned a level 4 spell: Brom's Barrelling Boulder
 31127 | Snake:3  | Reached skill level 16 in Dodging
 32126 | Snake:4  | Entered Level 4 of the Snake Pit
 32303 | Snake:4  | Reached skill level 12 in Fighting
 32318 | Snake:4  | Noticed Vashnia
 32334 | Snake:4  | Killed Vashnia
 33043 | Snake:4  | Reached skill level 17 in Spellcasting
 33043 | Snake:4  | Reached skill level 13 in Conjurations
 33273 | Snake:4  | Identified the +4 leather armour of Ru's Generosity {+Blink
                  | rF- SInv}
 33460 | Snake:4  | Reached skill level 18 in Spellcasting
 33462 | Snake:4  | Reached skill level 14 in Conjurations
 33562 | Snake:4  | Got a serpentine rune of Zot
 33763 | Snake:4  | Reached XP level 18. HP: 112/112 MP: 25/42
 34212 | Swamp:1  | Entered Level 1 of the Swamp
 34774 | Swamp:1  | Identified the +7 broad axe of the Ancients {chaos, rElec
                  | Str+2 Dex+5}
 34990 | Swamp:2  | Reached skill level 19 in Spellcasting
 35546 | Swamp:3  | Reached skill level 15 in Conjurations
 36063 | Swamp:4  | Entered Level 4 of the Swamp
 36418 | Swamp:4  | Reached skill level 20 in Spellcasting
 36437 | Swamp:4  | Reached skill level 16 in Conjurations
 36543 | Swamp:4  | Reached skill level 6 in Armour
 36794 | Swamp:4  | Got a decaying rune of Zot
 37417 | Vaults:1 | Entered Level 1 of the Vaults
 37628 | Vaults:1 | Reached skill level 13 in Fighting
 37757 | Vaults:1 | Reached XP level 19. HP: 119/119 MP: 40/45
 37776 | Vaults:1 | Noticed Asterion
 37784 | Vaults:1 | Killed Asterion
 37855 | Vaults:1 | Reached skill level 14 in Fighting
 37887 | Vaults:1 | You pick up a book of Decay {forbidden} and begin
                  | reading...
 37936 | Vaults:1 | Reached skill level 1 in Fire Magic
 38098 | Vaults:1 | Reached skill level 2 in Fire Magic
 38119 | Vaults:1 | You pick up a book of Frost and begin reading...
 38119 | Vaults:1 | You add the spells Freeze and Hailstorm to your library.
 38335 | Vaults:1 | Reached skill level 3 in Fire Magic
 39048 | Vaults:1 | magus.rc [v1.9.6]
 39084 | Vaults:2 | Reached skill level 4 in Fire Magic
 39140 | Vaults:2 | Found Hush's Weapon Boutique.
 39435 | Vaults:2 | Reached skill level 5 in Fire Magic
 39697 | Vaults:2 | Reached skill level 21 in Spellcasting
 39770 | Vaults:2 | You pick up a book of Decay {forbidden} and begin
                  | reading...
 39813 | Vaults:2 | Reached skill level 17 in Conjurations
 39813 | Vaults:2 | Reached skill level 6 in Fire Magic
 40332 | Vaults:2 | Found Igoyc's Weapon Emporium.
 40649 | Vaults:3 | You pick up a book of Dangerous Friends and begin
                  | reading...
 40664 | Vaults:3 | Reached skill level 7 in Fire Magic
 40729 | Vaults:3 | Reached XP level 20. HP: 127/127 MP: 43/47
 40948 | Vaults:3 | Reached skill level 8 in Fire Magic
 41245 | Vaults:3 | Noticed Margery
 41274 | Vaults:3 | Killed Margery
 41280 | Vaults:3 | Reached skill level 22 in Spellcasting
 41428 | Vaults:3 | Reached skill level 18 in Conjurations
 41504 | Vaults:3 | Reached skill level 9 in Fire Magic
 41921 | Vaults:3 | Found a staircase to the Crypt.
 42010 | Vaults:4 | Upgraded the game from 0.31-a0-799-g6bc09d010c to
                  | 0.31-a0-803-g95b03c3367
 42010 | Vaults:4 | magus.rc [v1.9.6]
 42213 | Vaults:4 | Reached skill level 10 in Fire Magic
 42559 | Vaults:4 | Reached skill level 11 in Fire Magic
 42610 | Vaults:4 | Reached skill level 19 in Conjurations
 42913 | Vaults:4 | Found a portal to a secret trove of treasure.
 42965 | Vaults:4 | Reached skill level 12 in Fire Magic
 42965 | Vaults:4 | Reached XP level 21. HP: 132/132 MP: 44/49
 43229 | Trove    | Entered a treasure trove
 43232 | Trove    | Found the ring of the Hare {EV+10}
 43246 | Trove    | Identified the amulet "Sacimua" {Spirit rF+ rC+ Dex+3}
 43248 | Trove    | Identified the ring "Ylezom" {rC+ Dex+6}
 43256 | Trove    | Identified the ring "Vanowk" {MP+9 Int+3 Stlth+}
 43259 | Trove    | Identified the ring "Jiedgh" {rF+ EV+5 Slay+6 Stlth+}
 43275 | Trove    | Identified the ring of Citagoag {MP+9 Int+3}
 43280 | Trove    | Identified the ring of Mapno {rElec rN+ Dex+6}
 43281 | Trove    | Identified the amulet of Moderation {Reflect rF+ SH+5}
 43597 | Vaults:4 | Learned a level 9 spell: Fire Storm
 43867 | Elf:1    | Entered Level 1 of the Elven Halls
 43868 | Elf:1    | magus.rc [v1.9.6]
 44393 | Elf:1    | Noticed Azrael
 44399 | Elf:1    | Killed Azrael
 44508 | Elf:1    | Reached skill level 20 in Conjurations
 44709 | Elf:1    | Got a droning book
 45016 | Elf:1    | Reached skill level 13 in Fire Magic
 45377 | Elf:2    | Noticed Norris
 45385 | Elf:2    | Killed Norris
 45464 | Elf:2    | Found Viotomn's Book Shoppe.
 45604 | Elf:2    | Found Vuxacw's Assorted Antiques.
 45812 | Elf:2    | Found a runed translucent gate.
 45812 | Elf:2    | Found a runed translucent gate.
 45812 | Elf:2    | Found a runed translucent gate.
 45908 | Elf:2    | Reached skill level 14 in Fire Magic
 46002 | Elf:2    | Found Icrunik's Armour Shoppe.
 46018 | Elf:2    | Noticed Saint Roka
 46026 | Elf:2    | Killed Saint Roka
 46355 | Elf:3    | Entered Level 3 of the Elven Halls
 46409 | Elf:3    | You pick up a book of Necromancy {forbidden} and begin
                  | reading...
 46731 | Elf:3    | You pick up a book of the Earth and begin reading...
 46731 | Elf:3    | You add the spells Lee's Rapid Deconstruction and Leda's
                  | Unmaking to your library.
 46747 | Elf:3    | Paralysed by an air elemental for 1 turns
 46922 | Elf:3    | Reached skill level 15 in Fire Magic
 47152 | Elf:3    | Reached skill level 16 in Fire Magic
 47322 | Elf:3    | a deep elf death mage comes into view. It is wielding the
                  | +11 Singing Sword {sonic wave}.
 47448 | Elf:3    | You add the spells Apportation, Gell's Gravitas, Passage of
                  | Golubria and Malign Gateway to your library.
 47448 | Elf:3    | Got a well-preserved book
 47449 | Elf:3    | Identified the scarf of the Moon {+Inv, rElec rC- rCorr}
 47457 | Elf:3    | Found the +2 shield of Resistance {rF++ rC++ Will++}
 47466 | Elf:3    | Identified the +0 gold dragon scales of Conscience {rPois
                  | rF+ rC+ Int+4}
 47467 | Elf:3    | Y - the +0 gold dragon scales of Conscience {rPois rF+ rC+
                  | Int+4, rare}
 47468 | Elf:3    | You drop the +0 gold dragon scales of Conscience {rPois rF+
                  | rC+ Int+4, rare}.
 47494 | Elf:3    | Identified the ring "Meuxeux" {Fire Drain rPois rN+ Int+3}
 47499 | Elf:3    | You pick up a book of Cantrips and begin reading...
 48276 | Depths:1 | Entered Level 1 of the Depths
 48341 | Depths:1 | Reached skill level 17 in Fire Magic
 48573 | Depths:1 | Found a white marble altar of Elyvilon.
 48629 | Depths:1 | Reached XP level 22. HP: 137/137 MP: 46/50
 48659 | Depths:1 | Reached skill level 18 in Fire Magic
 48741 | Depths:1 | Found a gateway to Hell.
 49146 | Depths:1 | Found Qawk's Demolitions Depot.
 49211 | Depths:1 | Bought a manual of Evocations for 1040 gold pieces
 49528 | Depths:1 | Found Esoipiul's Jewellery Shop.
 49528 | Depths:1 | Found Wibiaryrr's Book Shoppe.
 49530 | Depths:1 | Found Voup's Book Shoppe.
 49857 | Depths:2 | Found Amadwol's General Store.
 49865 | Depths:2 | Bought a potion of haste for 190 gold pieces
 50003 | Depths:2 | Found Efasho's General Store.
 50012 | Depths:2 | Bought a scroll of teleportation for 42 gold pieces
 50071 | Depths:2 | Found Eqaohixeim's Magic Scroll Emporium.
 50079 | Depths:2 | Bought a scroll of blinking for 135 gold pieces
 50079 | Depths:2 | Bought a scroll of amnesia for 72 gold pieces
 50087 | Depths:2 | Learned a level 6 spell: Leda's Unmaking
 50117 | Depths:2 | Found Zoriapso's Antique Armour Shop.
 50127 | Depths:2 | Found an ancient bone altar of Kikubaaqudgha.
 50412 | Depths:2 | Found a one-way gate leading to the halls of Pandemonium.
 50505 | Depths:2 | Reached skill level 19 in Fire Magic
 50559 | Depths:2 | Noticed a caustic shrike
 50564 | Depths:2 | Killed a caustic shrike
 50922 | Depths:2 | Noticed a juggernaut
 50927 | Depths:2 | Killed a juggernaut
 51164 | Depths:2 | Noticed a juggernaut
 51176 | Depths:2 | Killed a juggernaut
 51177 | Depths:2 | Reached skill level 20 in Fire Magic
 51515 | Depths:2 | Z - a +0 quick blade of venom {shortrare=g}
 51542 | Depths:2 | You drop a +0 quick blade of venom {shortrare=g}.
 51644 | Depths:2 | Identified the +6 plate armour of Veryptis {rF+}
 52105 | Depths:3 | You fall into a shaft and drop 1 floor!
 52105 | Depths:4 | Entered Level 4 of the Depths
 52367 | Depths:4 | Noticed a caustic shrike
 52368 | Depths:4 | Noticed a caustic shrike
 52370 | Depths:4 | Noticed a caustic shrike
 52371 | Depths:4 | Noticed a caustic shrike
 52372 | Depths:4 | Killed a caustic shrike
 52372 | Depths:4 | Noticed a caustic shrike
 52373 | Depths:4 | Killed a caustic shrike
 52374 | Depths:4 | Killed a caustic shrike
 52374 | Depths:4 | Killed a caustic shrike
 52375 | Depths:4 | Killed a caustic shrike
 53145 | Depths:3 | Reached XP level 23. HP: 129/142 MP: 43/51
 53316 | Depths:3 | Found a one-way gate to the infinite horrors of the Abyss.
 53331 | Depths:3 | Reached skill level 23 in Spellcasting
 53392 | Depths:3 | Noticed a juggernaut
 53406 | Depths:3 | Killed a juggernaut
 53497 | Depths:3 | Got an illuminated book
 53499 | Depths:3 | Got a gaudy book
 53666 | Depths:4 | Paralysed by a floating eye for 2 turns
 53834 | Depths:4 | Found a gate to the Realm of Zot.
 53921 | Depths:4 | Identified the +5 mace "Qiut" {flame, rElec rPois Dex+8
                  | Stlth+}
 53951 | Depths:4 | You pick up a book of Lightning and begin reading...
 54365 | Crypt:1  | Entered Level 1 of the Crypt
 54368 | Crypt:1  | Reached skill level 21 in Conjurations
 54368 | Crypt:1  | Reached skill level 21 in Fire Magic
 55386 | Crypt:1  | Noticed a royal mummy
 55390 | Crypt:1  | Killed a royal mummy
 55523 | Crypt:1  | Noticed Khufu
 55523 | Crypt:1  | Noticed a royal mummy
 55525 | Crypt:1  | Noticed a royal mummy
 55527 | Crypt:1  | Killed Khufu
 55527 | Crypt:1  | Killed a royal mummy
 55528 | Crypt:1  | Killed a royal mummy
 55529 | Crypt:1  | Reached skill level 24 in Spellcasting
 56113 | Crypt:2  | Noticed a curse skull
 56116 | Crypt:2  | Killed a curse skull
 56516 | Crypt:2  | Reached skill level 22 in Conjurations
 56516 | Crypt:2  | Reached skill level 22 in Fire Magic
 56948 | Crypt:2  | Found a basalt altar of Yredelemnul.
 57084 | Crypt:2  | Reached skill level 25 in Spellcasting
 57335 | Crypt:2  | You add the spells Kiss of Death, Borgnjor's Vile Clutch
                  | and Death's Door to your library.
 57335 | Crypt:2  | Got a curling book {forbidden}
 57595 | Crypt:3  | Entered Level 3 of the Crypt
 57674 | Crypt:3  | Reached XP level 24. HP: 148/148 MP: 38/54
 57895 | Crypt:3  | Identified the +1 robe "Jeuqiqer" {Str-3 Dex+2 Archmagi}
 57973 | Crypt:3  | Reached skill level 26 in Spellcasting
 58514 | Crypt:3  | Identified the +6 lajatang of Axibaiky {vamp, rPois Stlth+}
 58527 | Crypt:3  | Identified +0 pearl dragon scales
 58588 | Crypt:3  | a +0 short sword {short}; +0 pearl dragon scales {rare=g}
 58589 | Crypt:3  | a +0 short sword {short}; +0 pearl dragon scales {rare=g}
 58597 | Crypt:3  | u - +0 pearl dragon scales {rare=g}
 58795 | Crypt:3  | Found a basalt altar of Yredelemnul.
 58802 | Crypt:3  | Found an ancient bone altar of Kikubaaqudgha.
 58813 | Crypt:3  | You pick up a book of Unlife {forbidden} and begin
                  | reading...
 58814 | Crypt:3  | You drop +0 pearl dragon scales {rare=g}.
 58947 | Crypt:3  | Found a staircase to the Tomb.
 58999 | Crypt:3  | Reached skill level 27 in Spellcasting
 59124 | Crypt:3  | Reached skill level 7 in Evocations
 59350 | Crypt:3  | Reached skill level 8 in Evocations
 59672 | Crypt:3  | Reached skill level 9 in Evocations
 60240 | Vaults:4 | magus.rc [v1.9.6]
 60248 | Vaults:5 | Entered Level 5 of the Vaults
 60312 | Vaults:5 | Reached skill level 10 in Evocations
 60327 | Vaults:5 | Reached skill level 11 in Evocations
 60340 | Vaults:5 | Reached skill level 12 in Evocations
 60523 | Vaults:5 | Noticed a dread lich
 60531 | Vaults:5 | Killed a dread lich
 60532 | Vaults:5 | Reached skill level 13 in Evocations
 60557 | Vaults:5 | Reached skill level 14 in Evocations
 60750 | Vaults:5 | Reached skill level 15 in Evocations
 60861 | Vaults:5 | Identified the +9 great mace of Zazuwuth {freeze, rElec
                  | rPois Int+6 Dex-3}
 60968 | Vaults:5 | a yaktaur captain comes into view. It is wielding a +0
                  | morningstar of draining and wearing the +3 robe of Clouds
                  | {*Thunder rCloud rElec}.
 61511 | Vaults:5 | Reached skill level 7 in Shields
 61540 | Vaults:5 | Identified the +2 pair of gloves of the Original Sin
                  | {Rampage}
 61556 | Vaults:5 | You pick up a book of Misfortune and begin reading...
 61556 | Vaults:5 | You add the spells Inner Flame, Yara's Violent Unravelling
                  | and Enfeeble to your library.
 61684 | Vaults:5 | Reached XP level 25. HP: 153/153 MP: 40/56
 61791 | Vaults:5 | Identified the +4 halberd of Innocence {heavy, rPois}
 61910 | Vaults:5 | Identified the +6 glaive "Xingutiess" {venom, rPois rC+}
 62045 | Vaults:5 | Identified the +0 pair of boots "Kuntig" {Harm Rampage
                  | *Corrode Slay-2}
 62071 | Vaults:5 | You pick up a book of Changes and begin reading...
 62382 | Vaults:5 | Identified the +0 pair of gloves "Baab Roergh" {rCorr
                  | Dex+2}
 62407 | Vaults:5 | Got a silver rune of Zot
 62529 | Vaults:5 | You pick up a book of Lightning and begin reading...
 62960 | Vaults:5 | Reached skill level 8 in Shields
 63476 | Slime:1  | Entered Level 1 of the Pits of Slime
 63488 | Slime:1  | Reached skill level 15 in Fighting
 64079 | Slime:5  | Entered Level 5 of the Pits of Slime
 64208 | Slime:5  | Noticed the Royal Jelly
 64281 | Slime:4  | Reached skill level 16 in Fighting
 64488 | Slime:5  | Reached skill level 7 in Invocations
 64508 | Slime:5  | Killed the Royal Jelly
 64689 | Slime:5  | Reached skill level 8 in Invocations
 64715 | Slime:5  | Acquired the +2 pair of gloves of Winter {rPois Str+3 SInv}
 64717 | Slime:5  | Acquired 1179 gold pieces
 64724 | Slime:5  | Identified the +3 barding of the Sneaky Visionaries {rC++
                  | rCorr Int-2 Dex+3}
 64740 | Slime:5  | Acquired the ring of Departure {rElec rC+ rCorr}
 64743 | Slime:5  | You pick up a book of Iron and begin reading...
 64777 | Slime:5  | Found the +5 demon whip "Spellbinder" {antimagic, disrupt,
                  | Will+}
 64781 | Slime:5  | Identified the +3 ice dragon scales "Gaenkoig" {Fly rF-
                  | rC++ Dex+4 Slay-2}
 64785 | Slime:5  | Got a slimy rune of Zot
 64795 | Slime:5  | Identified the ring "Izisujoa" {Wiz Int+4}
 64801 | Slime:5  | Identified the ring "Atoakel" {Fly Str-5 Dex+3 Slay+2}
 64817 | Slime:5  | You pick up a book of Vapours and begin reading...
 64819 | Slime:5  | You pick up a book of Vapours and begin reading...
 64822 | Slime:5  | Identified the +8 sling of Diptif {heavy, rElec Will+
                  | Int+4}
 64852 | Slime:5  | Identified the +2 pair of gloves of the Charming Gods
                  | {Str+3 Dex+3 Stlth+}
 64968 | Slime:5  | Reached skill level 9 in Invocations
 65527 | Zot:1    | Entered Level 1 of the Realm of Zot
 65528 | Zot:1    | magus.rc [v1.9.6]
 65739 | Depths:4 | Reached skill level 10 in Invocations
 65960 | Depths:4 | magus.rc [v1.9.6]
 65968 | Depths:4 | Learned a level 7 spell: Orb of Destruction
 66235 | Zot:1    | Reached skill level 11 in Invocations
 66428 | Zot:1    | Reached skill level 12 in Invocations
 66510 | Zot:1    | Reached skill level 16 in Evocations
 66568 | Zot:2    | Noticed a curse toe
 66669 | Zot:1    | Noticed an electric golem
 66676 | Zot:1    | Killed an electric golem
 66696 | Zot:1    | quicksilver dragon scales {rare}; a quicksilver dragon
                  | corpse
 67133 | Zot:2    | Killed a curse toe
 67339 | Zot:4    | Reached XP level 26. HP: 164/164 MP: 16/56
 67466 | Zot:5    | Entered Level 5 of the Realm of Zot
 67724 | Zot:5    | Reached skill level 17 in Fighting
 67768 | Zot:5    | You pick up a book of Chaos and begin reading...
 67768 | Zot:5    | You add the spells Conjure Ball Lightning, Disjunction and
                  | Discord to your library.
 68130 | Zot:5    | Learned a level 5 spell: Yara's Violent Unravelling
 68140 | Zot:5    | Learned a level 7 spell: Enfeeble
 68295 | Zot:5    | Noticed an orb of fire
 68314 | Zot:5    | Noticed an electric golem
 68315 | Zot:5    | Gained mutation: You are dopey. (Int -2) [an orb of fire]
 68315 | Zot:5    | Killed an orb of fire
 68329 | Zot:5    | Killed an electric golem
 68355 | Zot:5    | Noticed an orb of fire
 68497 | Zot:5    | Lost mutation: You are agile. (Dex +4, Str/Int -1) [an orb
                  | of fire]
 68499 | Zot:5    | Killed an orb of fire
 68690 | Zot:5    | Noticed a curse toe
 68699 | Zot:5    | Killed a curse toe
 68710 | Zot:5    | Reached skill level 18 in Fighting
 68711 | Zot:5    | Was placed under penance by the Shining One
 68880 | Zot:5    | magus.rc [v1.9.6]
 68951 | Zot:5    | Noticed an orb of fire
 68958 | Zot:5    | Killed an orb of fire
 69103 | Zot:5    | Noticed a curse toe
 69107 | Zot:5    | Killed a curse toe
 69161 | Zot:5    | Noticed an electric golem
 69176 | Zot:5    | Killed an electric golem
 69299 | Zot:5    | Noticed an orb of fire
 69306 | Zot:5    | Killed an orb of fire
 69456 | Zot:5    | Got the Orb of Zot
 69513 | Zot:5    | Was forgiven by the Shining One
 69765 | D:15     | Reached skill level 19 in Fighting
 69891 | D:11     | Noticed a seraph
 70053 | D:5      | Noticed Lobbeg the pandemonium lord
 70160 | D:$      | Escaped with the Orb!

Vanquished Creatures
  the Royal Jelly (Slime:5)
  A dread lich (Vaults:5)
  An orb of fire (Zot:5)
  Khufu (Crypt:1)
  2 royal mummies (Crypt:1)
  2 curse toes
  Margery (Vaults:3)
  4 caustic shrikes (Depths:4)
  2 profane servitors
  A golden dragon (Zot:1)
  An electric golem (Zot:5)
  12 tentacled monstrosities
  2 liches (Vaults:5)
  12 Orb Guardians (Zot:5)
  A titan (Vaults:5)
  2 quicksilver dragons
  A death cob (Zot:1)
  13 acid blobs
  2 sphinxes
  6 ancient champions
  2 draconian monks
  A shadow dragon (Vaults:5)
  2 storm dragons
  2 revenants
  2 nagarajas (Snake:4)
  A draconian knight (Zot:1)
  6 azure jellies
  6 rockslimes
  A caustic shrike zombie (Crypt:3)
  2 frost giants
  8 vault wardens
  2 fire giants (Vaults:2)
  A deep elf sorcerer (Elf:1)
  2 iron dragons
  A shard shrike simulacrum (Crypt:3)
  A draconian shifter (Zot:1)
  An orc warlord (Orc:1)
  A curse skull (Crypt:2)
  A draconian scorcher (Zot:1)
  10 ghouls
  2 draconian annihilators (Zot:1)
  4 quicksilver oozes (Slime:5)
  A reaper (D:1)
  7 ironbound preservers
  A war gargoyle (Vaults:5)
  2 deep elf demonologists
  7 stone giants
  2 formless jellyfish (Slime:4)
  4 green draconians
  5 vampire knights
  An eleionoma (Swamp:4)
  2 yellow draconians (Zot:2)
  2 bunyips
  2 minotaurs (D:11)
  4 black draconians
  A deep elf annihilator (Elf:3)
  3 red draconians (Zot:1)
  A spark wasp (Depths:3)
  3 purple draconians
  A lorocyproca (D:9)
  3 white draconians
  2 eidola
  An ettin (Depths:3)
  6 deep elf death magi
  A fire dragon (Depths:4)
  3 yaktaur captains (Vaults:5)
  3 mummy priests
  2 entropy weavers
  A blizzard demon (D:11)
  11 jiangshi
  4 great orbs of eyes
  A deep elf high priest (Vaults:5)
  A spriggan zombie (Crypt:2)
  4 ice dragons
  A fenstrider witch zombie (Crypt:2)
  11 vault guards
  2 ogre magi
  10 hydras
  2 boulder beetles
  3 alligators
  3 death knights
  5 two-headed ogres
  3 anacondas
  11 dancing weapons
  A centaur warrior (D:13)
  2 ironbound frosthearts
  2 death yaks (Lair:5)
  2 hell hogs
  5 vampire magi
  2 orc high priests (Orc:2)
  2 tengu warriors
  3 soul eaters
  A spriggan berserker (Depths:4)
  A storm dragon zombie (Crypt:3)
  A shock serpent (Snake:1)
  3 hell knights
  A shock serpent (shapeshifter) (Depths:2)
  A deep elf knight (Elf:2)
  2 iron trolls (Depths:3)
  A skyshark (Lair:4)
  A skyshark (shapeshifter) (D:14)
  3 shadow wraiths
  An anaconda zombie (Crypt:2)
  A death drake (shapeshifter) (D:15)
  34 skeletal warriors
  2 salamander mystics
  A goliath frog (Swamp:1)
  4 swamp dragons
  A sea snake (shapeshifter) (Vaults:5)
  3 phantasmal warriors
  10 deep trolls
  3 bog bodies
  5 flayed ghosts
  An anaconda skeleton (Crypt:1)
  2 wizards
  2 orc knights
  An obsidian statue (Zot:5)
  6 deep elf pyromancers
  3 deep elf archers
  4 necromancers
  An alligator zombie (Crypt:3)
  3 deep elf zephyrmancers (Elf:1)
  6 ironbound convokers
  19 ugly things
  A wolf spider (Lair:5)
  3 will-o-the-wisps
  2 mana vipers
  5 orc sorcerers
  9 salamanders
  2 shining eyes
  2 cyclopes
  A goliath frog skeleton (Crypt:3)
  5 black mambas
  11 moths of wrath
  An iron dragon skeleton (Crypt:3)
  A naga mage (Snake:1)
  5 elephants
  55 slime creatures
  2 guardian serpents
  Maurice (D:10)
  2 human skeletons
  A centaur skeleton (Crypt:2)
  An ice statue (D:14)
  A smoke demon (Volcano)
  2 gargoyles
  9 cane toads
  A vault sentinel (Vaults:3)
  3 storm dragon simulacra (IceCv)
  2 naga skeletons (Crypt:3)
  An unseen horror (D:10)
  5 komodo dragons
  6 freezing wraiths
  A death yak zombie (Crypt:1)
  A torpor snail (Lair:3)
  10 yaktaurs
  3 tengu conjurers
  2 efreet
  A golden dragon simulacrum (IceCv)
  A red devil (Volcano)
  A guardian mummy (Crypt:3)
  3 meliai (Lair:4)
  2 meliai (shapeshifter)
  4 trolls
  A queen bee (Lair:4)
  5 polar bears
  3 harpy skeletons
  A hydra zombie (Crypt:2)
  A tyrant leech (D:15)
  7 hornets
  A wolf spider simulacrum (D:15)
  Prince Ribbit (D:6)
  A raiju (shapeshifter) (D:15)
  A tarantella (shapeshifter) (Vaults:5)
  2 ettin zombies
  4 blink frogs (Lair:2)
  14 flying skulls
  Sigmund (D:6)
  3 elf skeletons
  An air elemental (Elf:1)
  2 centaur simulacra
  13 spriggans
  3 water elementals
  2 shadows
  7 wraiths
  14 yaks
  3 fire elementals
  8 wyverns
  2 ushabtiu (Crypt:3)
  3 golden eyes
  2 chaos spawn
  A redback (shapeshifter) (Depths:2)
  2 steam dragons
  8 vampire mosquitoes
  A warg (Orc:1)
  A harpy simulacrum (Crypt:1)
  2 acid dragons
  5 nagas
  5 swamp worms
  Duvessa (D:6)
  10 water moccasins
  A water moccasin (shapeshifter) (Depths:2)
  A hell hound (Volcano)
  An ogre skeleton (Vaults:3)
  3 ice beasts
  15 orc warriors
  2 sky beasts
  5 ice dragon simulacra (IceCv)
  6 black bears
  8 ogres
  6 boggarts
  11 wolves
  6 centaurs
  2 phantoms
  10 bullfrogs
  6 necrophages
  An earth elemental (Elf:1)
  2 gnoll sergeants
  A scorpion (D:5)
  A yaktaur skeleton (Crypt:1)
  7 wights
  A cyclops skeleton (Crypt:2)
  Dowan (D:6)
  30 killer bees
  A raiju skeleton (Crypt:1)
  A yak skeleton (Crypt:3)
  4 howler monkeys
  5 electric eels
  A jelly (D:6)
  6 hounds
  A gnoll bouda (Lair:5)
  9 orc priests
  2 iguanas (D:5)
  12 orc wizards
  A hell rat (Lair:2)
  3 nameless horrors
  2 tengu skeletons (Crypt:1)
  20 gnolls
  10 adders
  A swamp drake skeleton (Crypt:1)
  A shadow imp (D:7)
  3 white imps
  2 ufetubi
  A worm (D:3)
  43 orcs
  9 ball pythons
  3 endoplasms
  2 giant cockroaches (D:1)
  7 hobgoblins
  3 jackals (D:4)
  3 kobolds
  6 quokkas
  12 bats
  2 frilled lizards (D:1)
  9 goblins
  6 rats
  4 fire vortices
  5 snaplasher vines
1055 creatures vanquished.

Vanquished Creatures (collateral kills)
  3 orbs of fire (Zot:5)
  3 juggernauts
  A royal mummy (Crypt:1)
  3 Killer Klowns (Zot:5)
  Vashnia (Snake:4)
  Saint Roka (Elf:2)
  2 caustic shrikes
  5 golden dragons
  A curse toe (Zot:5)
  Norris (Elf:2)
  Nikola (Snake:1)
  A profane servitor (Crypt:3)
  2 electric golems
  6 tentacled monstrosities
  A walking earthen tome (Depths:2)
  3 liches
  A titan (Vaults:5)
  Asterion (Vaults:1)
  2 quicksilver dragons (Zot:1)
  13 Orb Guardians
  2 deep elf master archers (Elf:3)
  6 sphinxes
  Gastronok (D:12)
  2 deep elf blademasters (Elf:3)
  7 acid blobs
  A death cob (Zot:1)
  A shadow dragon (Vaults:5)
  3 ancient champions
  A thorn hunter (Swamp:4)
  5 tengu reavers
  6 storm dragons
  2 revenants
  3 azure jellies (Slime:5)
  Aizul (Snake:1)
  A fenstrider witch (Swamp:3)
  2 rockslimes
  7 fire giants
  10 nagarajas (Snake:4)
  A draconian knight (Zot:1)
  5 deep elf sorcerers
  3 frost giants
  11 vault wardens
  A ghost moth (shapeshifter) (Depths:2)
  4 deep elf elementalists (Elf:3)
  2 orc warlords
  9 ghouls
  25 ironbound preservers
  A draconian annihilator (Depths:4)
  2 spriggan defenders
  2 caustic shrike skeletons
  A war gargoyle (Vaults:3)
  A quicksilver ooze (Slime:5)
  4 formless jellyfish
  12 stone giants
  10 very ugly things
  7 ironbound thunderhulks
  2 eleionomae
  3 green draconians
  5 vampire knights
  4 bunyips
  8 deep elf demonologists
  A yellow draconian (Zot:1)
  Azrael (Elf:1)
  8 deep elf annihilators (Elf:3)
  4 dire elephants
  A bunyip (shapeshifter) (Vaults:5)
  4 purple draconians
  4 white draconians
  2 red draconians (Zot:1)
  2 eidola
  A spark wasp (Depths:3)
  4 ettins
  A merfolk javelineer (Depths:3)
  5 deep elf death magi
  A green death (Depths:2)
  2 crystal guardians (Vaults:4)
  5 jiangshi
  5 fire dragons
  2 deep elf high priests
  A shambling mangrove (Swamp:4)
  6 great orbs of eyes
  Fannar (D:11)
  Josephine (Snake:1)
  11 yaktaur captains
  8 ice dragons
  22 vault guards
  2 hell beasts
  12 hydras
  An entropy weaver (Vaults:3)
  2 ghost crabs
  2 peacekeepers
  A rakshasa (D:13)
  A death knight (Crypt:1)
  2 spriggan skeletons (Crypt:3)
  A salamander tyrant (Snake:4)
  4 alligators
  5 anacondas
  A bennu zombie (Crypt:2)
  3 boulder beetles
  5 centaur warriors (Vaults:3)
  6 ironbound frosthearts
  2 dancing weapons
  4 spriggan air magi
  17 naga warriors
  5 tengu warriors
  3 deep troll earth magi
  7 death yaks
  3 hell hogs (Depths:1)
  7 spriggan berserkers
  A demonic crawler (D:15)
  4 hell knights (Vaults:3)
  A spectral naga (Crypt:2)
  3 shock serpents (Snake:3)
  9 soul eaters
  A titan zombie (Crypt:2)
  2 vampire magi
  19 naga sharpshooters
  11 deep elf knights
  10 spriggans
  3 goliath frogs
  7 skysharks
  2 shadow wraiths (Crypt:2)
  4 iron trolls
  A salamander mystic (Snake:4)
  A sixfirhy (Depths:2)
  22 skeletal warriors
  77 deep trolls
  2 sea snakes (Snake:2)
  10 swamp dragons
  6 naga ritualists
  3 flayed ghosts
  An orange crystal statue (IceCv)
  A spriggan druid (Swamp:1)
  A swamp dragon (shapeshifter) (Vaults:5)
  6 phantasmal warriors
  An orb spider (shapeshifter) (Depths:2)
  A bunyip skeleton (Crypt:3)
  6 bog bodies
  19 deep elf zephyrmancers
  A deep troll (shapeshifter) (Depths:2)
  6 orc knights
  9 deep elf archers
  2 glowing orange brains (shapeshifter) (Depths:2)
  12 wizards
  8 mana vipers
  17 ironbound convokers
  A shadow dragon zombie (Crypt:3)
  A harpy (shapeshifter) (Depths:2)
  A wolf spider (shapeshifter) (Depths:2)
  4 necromancers
  A lindwurm (shapeshifter) (Depths:2)
  6 deep elf pyromancers
  2 iron dragon zombies
  An alligator zombie (Crypt:2)
  A manticore (shapeshifter) (Depths:2)
  3 lindwurms
  2 will-o-the-wisps (Swamp:2)
  43 ugly things
  A shadow dragon skeleton (Vaults:3)
  8 moths of wrath
  3 orc sorcerers
  A tengu skeleton (Vaults:3)
  10 salamanders
  12 elephants
  10 guardian serpents
  An iron dragon skeleton (Crypt:3)
  30 black mambas
  An eye of devastation (Slime:5)
  An orange demon (Depths:2)
  3 smoke demons (Depths:1)
  18 naga magi
  8 vault sentinels
  4 cane toads
  2 centaur skeletons (Crypt:3)
  A death yak zombie (Crypt:2)
  5 storm dragon simulacra (IceCv)
  5 komodo dragons
  Jeremiah (D:6)
  A naga skeleton (Crypt:3)
  A hellion (D:13)
  A rime drake (Lair:5)
  A dire elephant skeleton (Crypt:2)
  20 yaktaurs
  An elf skeleton (Vaults:3)
  A catoblepas skeleton (Crypt:3)
  2 freezing wraiths
  3 tengu conjurers
  2 guardian mummies
  2 golden dragon simulacra (IceCv)
  An ice devil (Depths:2)
  An unseen horror skeleton (Crypt:3)
  3 polar bears
  3 harpy zombies
  A bloated husk (Swamp:4)
  3 hellwings (Depths:2)
  A meliai (shapeshifter) (Vaults:5)
  A tarantella (Vaults:3)
  9 tyrant leeches
  An iron troll skeleton (Crypt:3)
  6 blink frogs (Lair:2)
  4 dream sheep
  14 hornets
  A tarantella (shapeshifter) (Depths:2)
  3 hydra skeletons (Crypt:2)
  An ettin zombie (Crypt:3)
  4 flying skulls
  24 slime creatures
  A ynoxinul (Depths:2)
  2 air elementals
  An ettin skeleton (Vaults:3)
  2 wyverns
  5 water elementals
  7 fire elementals
  A yak (shapeshifter) (Vaults:5)
  A human (shapeshifter) (Depths:2)
  8 wraiths
  4 basilisks
  38 yaks
  2 redbacks (Vaults:3)
  A golden eye (Slime:4)
  8 vampire mosquitoes
  A black mamba skeleton (Crypt:3)
  A steam dragon (D:6)
  2 redbacks (shapeshifter)
  4 wargs
  13 swamp worms
  35 nagas
  An acid dragon (D:10)
  6 water moccasins
  An acid dragon (shapeshifter) (D:15)
  4 hell hounds (Elf:1)
  A floating eye (Depths:4)
  An elephant zombie (Crypt:3)
  13 orc warriors
  3 swamp drakes (Swamp:4)
  An ettin simulacrum (Crypt:2)
  A manticore zombie (Crypt:2)
  An ice dragon simulacrum (IceCv)
  3 black bears
  4 ogres
  A boggart (shapeshifter) (Depths:2)
  13 wolves
  A centaur (shapeshifter) (Depths:2)
  6 necrophages
  A kobold brigand (D:10)
  8 bullfrogs
  3 earth elementals
  5 human skeletons (Vaults:3)
  A gnoll sergeant (D:9)
  A komodo dragon skeleton (Crypt:1)
  A wyvern skeleton (Crypt:1)
  A wight (D:8)
  2 killer bees (D:8)
  4 lindwurm simulacra (IceCv)
  2 electric eels (Snake:2)
  A bullfrog zombie (Crypt:2)
  A gnoll bouda (D:10)
  A hound (D:7)
  3 orc priests
  A hell rat (Lair:2)
  7 orc wizards
  A boggart skeleton (Crypt:2)
  An acid dragon zombie (Crypt:2)
  A deep dwarf skeleton (Crypt:2)
  9 gnolls
  13 orcs
  2 giant cockroach zombies
  A gnoll skeleton (Crypt:3)
  5 kobolds (D:10)
  A quokka skeleton (Crypt:1)
1307 creatures vanquished.

Vanquished Creatures (others)
  An ironbound convoker (Vaults:5)
  A will-o-the-wisp (Swamp:4)
  2 bloated husks (Swamp:1)
  A hornet (Depths:3)
  An air elemental (Elf:1)
  2 water elementals (Depths:3)
  A spriggan (Depths:3)
  A steam dragon (D:6)
  7 hydra simulacra (Depths:3)
  2 boulders
  274 fire vortices
  12 foxfires
  20 snaplasher vines
325 creatures vanquished.

Grand Total: 2687 creatures vanquished

Table legend:
 A = Non-vault XP
 B = Vault XP
 C = Vault XP percentage of total XP
 D = Non-vault monster count
 E = Vault monster count
 F = Vault count percentage of total count
                 A         B        C        D         E       F
            +---------+---------+-------+---------+---------+-------
      Total |  719596 |  689713 |  48.9 |    1403 |     922 |  39.7
            +---------+---------+-------+---------+---------+-------
        D:1 |      24 |       7 |  22.6 |      15 |       4 |  21.1
        D:2 |      58 |       9 |  13.4 |      16 |       5 |  23.8
        D:3 |      41 |       0 |   0.0 |      17 |       0 |   0.0
        D:4 |     326 |       0 |   0.0 |      16 |       0 |   0.0
        D:5 |     791 |       0 |   0.0 |      16 |       0 |   0.0
        D:6 |    1311 |    1821 |  58.1 |      25 |      16 |  39.0
        D:7 |    1271 |       0 |   0.0 |      24 |       0 |   0.0
        D:8 |    2008 |      12 |   0.6 |      26 |       8 |  23.5
        D:9 |    1619 |       0 |   0.0 |      22 |       0 |   0.0
       D:10 |    2759 |     835 |  23.2 |      26 |       2 |   7.1
       D:11 |    2685 |   11387 |  80.9 |      16 |      35 |  68.6
       D:12 |    2293 |    1533 |  40.1 |       5 |       1 |  16.7
       D:13 |    6172 |     512 |   7.7 |      14 |       2 |  12.5
       D:14 |   10093 |    2938 |  22.5 |      21 |       7 |  25.0
       D:15 |   24708 |    3262 |  11.7 |      43 |       7 |  14.0
     Lair:1 |    5803 |       0 |   0.0 |      20 |       0 |   0.0
     Lair:2 |    8250 |    9484 |  53.5 |      32 |      33 |  50.8
     Lair:3 |    6685 |    2702 |  28.8 |      22 |      12 |  35.3
     Lair:4 |    4514 |    2525 |  35.9 |      18 |      25 |  58.1
     Lair:5 |   14611 |   11115 |  43.2 |      32 |      55 |  63.2
    Swamp:1 |    9911 |       0 |   0.0 |      20 |       0 |   0.0
    Swamp:2 |    6151 |       0 |   0.0 |      16 |       0 |   0.0
    Swamp:3 |   10097 |       0 |   0.0 |      15 |       0 |   0.0
    Swamp:4 |   14513 |   24806 |  63.1 |      32 |      35 |  52.2
    Snake:1 |   17577 |    5282 |  23.1 |      36 |       7 |  16.3
    Snake:2 |   14660 |    6028 |  29.1 |      33 |       8 |  19.5
    Snake:3 |   10167 |       0 |   0.0 |      20 |       0 |   0.0
    Snake:4 |   20301 |   41922 |  67.4 |      40 |      55 |  57.9
    Slime:1 |    7537 |       0 |   0.0 |      16 |       0 |   0.0
    Slime:2 |    5739 |       0 |   0.0 |      12 |       0 |   0.0
    Slime:3 |    1190 |       0 |   0.0 |       4 |       0 |   0.0
    Slime:4 |   17213 |     236 |   1.4 |      21 |       1 |   4.5
    Slime:5 |   10547 |   25604 |  70.8 |      26 |      18 |  40.9
      Orc:1 |    4505 |       0 |   0.0 |      43 |       0 |   0.0
      Orc:2 |    1946 |    8824 |  81.9 |      17 |      27 |  61.4
      Elf:1 |   17334 |    7074 |  29.0 |      28 |      16 |  36.4
      Elf:2 |   11207 |   10661 |  48.8 |      19 |      12 |  38.7
      Elf:3 |   16181 |   37308 |  69.7 |      28 |      35 |  55.6
   Vaults:1 |   34173 |   26824 |  44.0 |      56 |      37 |  39.8
   Vaults:2 |   28828 |   21641 |  42.9 |      38 |      25 |  39.7
   Vaults:3 |   29226 |   27759 |  48.7 |      38 |      44 |  53.7
   Vaults:4 |   31390 |   34350 |  52.3 |      38 |      43 |  53.1
   Vaults:5 |   15667 |   99828 |  86.4 |      21 |      90 |  81.1
    Crypt:1 |   44048 |   19030 |  30.2 |      74 |      10 |  11.9
    Crypt:2 |   43291 |   19341 |  30.9 |      73 |      25 |  25.5
    Crypt:3 |   29050 |   42498 |  59.4 |      47 |      51 |  52.0
   Depths:1 |   31998 |   10836 |  25.3 |      36 |      15 |  29.4
   Depths:2 |    9844 |   34120 |  77.6 |      14 |      37 |  72.5
   Depths:3 |   19291 |   14570 |  43.0 |      25 |      18 |  41.9
   Depths:4 |   36049 |   16480 |  31.4 |      29 |      19 |  39.6
      Zot:1 |   34530 |   12927 |  27.2 |      28 |      10 |  26.3
      Zot:2 |   15458 |    5030 |  24.6 |      13 |       4 |  23.5
      Zot:3 |     526 |       0 |   0.0 |       1 |       0 |   0.0
      Zot:4 |    3612 |       0 |   0.0 |       2 |       0 |   0.0
      Zot:5 |   19817 |   73264 |  78.7 |      18 |      34 |  65.4
      IceCv |       0 |   12787 | 100.0 |       0 |      28 | 100.0
    Volcano |       0 |    2541 | 100.0 |       0 |       6 | 100.0
            +---------+---------+-------+---------+---------+-------

Skill      XL: |  1  2  3  4  5  6  7  8  9 10 11 12 13 14 15 16 17 18 19 20 21 22 23 24 25 26 |
---------------+-------------------------------------------------------------------------------+-----
Spellcasting   | 2 3 5 6 8 11 14 16 18 20 21 22 25 27 | 27.0
Earth Magic    | 2 3 4 5 |  5.0
Conjurations   | 1 2 3 5 7 10 12 14 16 17 19 20 22 | 22.0
Translocations | 2 4 5 |  5.0
Summonings     | 1 6 10 12 | 12.0
Fighting       | 5 6 8 10 11 12 13 14 16 19 | 19.1
Dodging        | 7 9 12 13 14 15 16 | 16.0
Hexes          | 8 |  8.4
Armour         | 5 6 |  6.0
Shields        | 3 6 7 8 |  8.0
Air Magic      | 5 |  5.0
Ice Magic      | 5 |  5.0
Invocations    | 1 6 12 | 12.0
Evocations     | 1 6 15 16 | 16.0
Fire Magic     | 7 12 17 20 22 | 22.0
Polearms       | |  3.7
Stealth        | |  1.2

Action                     |  1- 3 |  4- 6 |  7- 9 | 10-12 | 13-15 | 16-18 | 19-21 | 22-24 | 25-27 || total
---------------------------+-------+-------+-------+-------+-------+-------+-------+-------+-------++-------
  Melee: Spear             |     2 |     4 |     1 |       |       |       |       |       |       ||     7
         Falchion          |       |       |     1 |     2 |       |       |       |       |       ||     3
         Whip              |       |       |       |    19 |       |       |       |       |       ||    19
         Staff             |       |       |       |     1 |    49 |       |     8 |    26 |    34 ||   118
   Cast: Sandblast         |    53 |    62 |    47 |    69 |     3 |       |       |       |       ||   234
         Stone Arrow       |       |    16 |    80 |   117 |   359 |   214 |   175 |   190 |     1 ||  1152
         Summon Forest     |       |       |     4 |    35 |    40 |    14 |     8 |     4 |       ||   105
         Summon Lightning  |       |       |       |    43 |    69 |    15 |     3 |       |       ||   130
         Summon Mana Viper |       |       |       |    23 |    69 |    21 |    14 |     3 |     4 ||   134
         Blink             |       |       |       |     1 |     1 |     1 |       |     1 |     2 ||     6
         Freezing Cloud    |       |       |       |       |    94 |    17 |    20 |    17 |       ||   148
         Spellforged Servi |       |       |       |       |     1 |   111 |   120 |   114 |    67 ||   413
         Airstrike         |       |       |       |       |       |     1 |       |       |       ||     1
         Brom's Barrelling |       |       |       |       |       |     2 |     2 |       |       ||     4
         Plasma Beam       |       |       |       |       |       |       |    27 |    37 |    19 ||    83
         Fire Storm        |       |       |       |       |       |       |       |   117 |   121 ||   238
         Orb of Destructio |       |       |       |       |       |       |       |       |    28 ||    28
 Invoke: Divine Shield     |       |       |       |       |       |       |     1 |     1 |       ||     2
         Summon Divine War |       |       |       |       |       |       |       |       |     3 ||     3
         Cleansing Flame   |       |       |       |       |       |       |       |       |     1 ||     1
  Evoke: Wand              |       |       |     4 |       |     9 |       |     1 |     9 |    10 ||    33
         Tin of tremorston |       |       |       |       |       |       |       |     2 |       ||     2
         Sack of spiders   |       |       |       |       |       |       |       |     3 |     2 ||     5
         Lightning rod     |       |       |       |       |       |       |       |     4 |       ||     4
         Phantom mirror    |       |       |       |       |       |       |       |       |     1 ||     1
    Use: Scroll            |       |       |    10 |    10 |    10 |     4 |     3 |    17 |    11 ||    65
         Potion            |       |       |       |       |     1 |     3 |       |     1 |     6 ||    11
 Armour: Robe              |    11 |    34 |    13 |       |       |       |       |       |       ||    58
         Leather armour    |       |       |    14 |       |       |       |       |       |       ||    14
         Steam dragon scal |       |       |    11 |    82 |   142 |   151 |   116 |    86 |   102 ||   690
  Dodge: Dodged            |    15 |    27 |    26 |    96 |   185 |   222 |   181 |   300 |   192 ||  1244
  Block: Buckler           |       |       |       |       |    74 |    80 |    71 |   203 |   118 ||   546
         Reflection        |       |       |       |       |       |       |    16 |    16 |     2 ||    34

Illustrated notes

Table legend:
 A = Kills in this place as a percentage of kills in the entire game.
 B = Kills by you in this place as a percentage of kills by you in the entire game.
 C = Kills by friends in this place as a percentage of kills by friends in the entire game.
 D = Other kills in this place as a percentage of other kills in the entire game.
 E = Experience gained in this place as a percentage of experience gained in the entire game.
 F = Experience gained in this place divided by the number of levels of this place that you have seen.
                   A       B       C       D       E      F
               +-------+-------+-------+-------+-------+----------------------
         Total | 100.0 | 100.0 | 100.0 | 100.0 | 100.0 | 24061.9
       Dungeon |  17.0 |  28.9 |   7.5 |  33.3 |   6.0 | 5710.3
          Lair |  10.7 |  13.4 |   8.6 |   0.0 |   4.6 | 13137.8
         Swamp |   5.1 |   2.7 |   6.7 |  66.7 |   4.6 | 16369.5
     Snake Pit |   8.5 |   2.2 |  13.5 |   0.0 |   8.2 | 28984.2
    Slime Pits |   4.2 |   6.6 |   2.3 |   0.0 |   4.8 | 13613.2
  Orcish Mines |   3.7 |   4.8 |   2.9 |   0.0 |   1.1 | 7637.5
   Elven Halls |   5.9 |   3.4 |   7.9 |   0.0 |   7.0 | 33255.0
        Vaults |  18.4 |   9.9 |  25.1 |   0.0 |  24.6 | 69937.2
         Crypt |  12.0 |  16.1 |   8.8 |   0.0 |  13.9 | 65752.7
        Depths |   8.3 |   4.3 |  11.5 |   0.0 |  12.3 | 43487.0
           Zot |   4.8 |   6.0 |   3.8 |   0.0 |  11.8 | 33513.4
      Ice Cave |   1.2 |   1.1 |   1.3 |   0.0 |   0.9 | 12787.0
       Volcano |   0.3 |   0.5 |   0.1 |   0.0 |   0.2 | 2541.0
               +-------+-------+-------+-------+-------+----------------------

Table legend: (Time is in decaauts)
 A = Elapsed time spent in this place.
 B = Non-inter-level travel time spent in this place.
 C = Inter-level travel time spent in this place.
 D = Time resting spent in this place.
 E = Time spent auto-exploring this place.
 F = Levels seen in this place.
 G = Mean time per level.
                   A        B        C        D        E       F      G
               +--------+--------+--------+--------+--------+-----+--------+
         Total |  70608 |  64965 |   5643 |  12054 |  39378 |  59 | 1196.7 |
       Dungeon |  19789 |  17294 |   2495 |   3028 |  11571 |  15 | 1319.3 |
        Temple |      1 |      1 |      0 |      0 |      0 |   1 |    1.0 |
          Lair |   7934 |   7126 |    808 |   1410 |   4418 |   5 | 1586.8 |
         Swamp |   3151 |   2944 |    207 |    277 |   2137 |   4 |  787.8 |
     Snake Pit |   5695 |   5455 |    240 |    295 |   3974 |   4 | 1423.8 |
    Slime Pits |   1490 |   1361 |    129 |    644 |     85 |   5 |  298.0 |
  Orcish Mines |   1852 |   1629 |    223 |     56 |   1130 |   2 |  926.0 |
   Elven Halls |   4186 |   4014 |    172 |    463 |   2820 |   3 | 1395.3 |
        Vaults |   9781 |   9210 |    571 |   1502 |   5558 |   5 | 1956.2 |
         Crypt |   5019 |   4856 |    163 |   1059 |   2801 |   3 | 1673.0 |
        Depths |   7065 |   6492 |    573 |   1510 |   3878 |   4 | 1766.2 |
           Zot |   3435 |   3377 |     58 |   1570 |    544 |   5 |  687.0 |
         Trove |     79 |     79 |      0 |      0 |      0 |   1 |   79.0 |
      Ice Cave |    823 |    823 |      0 |    170 |    305 |   1 |  823.0 |
       Volcano |    299 |    299 |      0 |     70 |    155 |   1 |  299.0 |
               +--------+--------+--------+--------+--------+-----+--------+

Top non-repeatable levels by time:
Vaults:5: 2802 daAuts
Depths:2: 2253 daAuts
 Crypt:3: 2174 daAuts
    D:14: 2092 daAuts
   Zot:5: 2087 daAuts
Vaults:3: 2065 daAuts
  Lair:5: 1996 daAuts
Depths:4: 1955 daAuts
 Snake:4: 1913 daAuts
  Lair:2: 1906 daAuts
 Crypt:2: 1883 daAuts
 Snake:2: 1832 daAuts
     D:5: 1799 daAuts
     D:6: 1764 daAuts
Vaults:1: 1754 daAuts
